 Dungeon Crawl Stone Soup version 0.31-a0-988-g08d55da (webtiles) character file.

Game seed: 5237597105738901948

965859 PurpleRed the Archmage (level 27, -17/199 HPs)
             Began as a Deep Elf Delver on Nov 5, 2023.
             Was the Champion of Vehumet.
             Demolished by an iron giant
             ... wielding a +0 giant spiked club
              (53 damage)
             ... on level 20 of a ziggurat.
             The game lasted 05:41:00 (68032 turns).

PurpleRed the Archmage (Deep Elf Delver)           Turns: 68032, Time: 05:41:00

Health: -17/199    AC: 27    Str: 12    XL:     27
Magic:  12/65      EV: 26    Int: 42    God:    Vehumet [******]
Gold:   11579      SH:  0    Dex:  9    Spells: 4/80 levels left

rFire   + . .        p - staff of Ustroliwu {rC+ Conj}
rCold   + + .        b - orb {*channel}
rNeg    + + +        d - +3 troll leather armour
rPois   .            F - +2 helmet of the Hidden Allies {rElec Will+ Int+5 Dex-4}
rElec   +            A - +1 cloak of Starlight {*Dazzle EV+4 Stlth--}
rCorr   .            z - +2 pair of gloves "Nuptaat" {Will+ MP+9}
SInv    .            R - +2 pair of boots of Lohiun {Str+3 Int+3}
Will    +++++        D - amulet of magic regeneration
Stlth   +            P - ring of Beogh's Pride {rN++ EV+5 Int+4 Dex-3}
HPRegen 1.33/turn    S - ring "Zutrehee" {rF+ rN+ Will+ AC+4}
MPRegen 0.79/turn

%: channel magic (20%)
@: very slightly contaminated, studying 6 skills
A: cold resistance 1
}: 5/15 runes: decaying, serpentine, slimy, silver, golden
a: Renounce Religion


You were on level 20 of a ziggurat.
You worshipped Vehumet.
Vehumet was exalted by your worship.
You visited 12 branches of the dungeon, and saw 54 of its levels.
You visited 1 bazaar.
You visited 2 ziggurats (completing 1), and saw 47 of their levels.
You also visited: Gauntlet, Ice Cave, Wizlab and Desolation.

You collected 16479 gold pieces.
You spent 4900 gold pieces at shops.

Inventory:

Hand Weapons
 G - the +8 mithril axe "Arga" {speed, Will+}
   (You found it on level 13 of a ziggurat)

   Will+:     It increases your willpower.
 J - the +8 demon blade "Leech" {evervamp, Harm Drain rN+}
   (You found it on level 17 of a ziggurat)

   rN+:       It protects you from negative energy.
   Drain:     It drains your maximum health when unequipped.
   Harm:      It increases damage dealt and taken.
Missiles
 n - 24 curare-tipped darts
Armour
 b - an orb of energy (worn)
 d - a +3 troll leather armour (worn)
 z - the +2 pair of gloves "Nuptaat" (worn) {Will+ MP+9}
   (You found it on level 19 of a ziggurat)

   Will+:     It increases your willpower.
   MP+9:      It affects your magic capacity (+9).
 A - the +1 cloak of Starlight (worn) {*Dazzle EV+4 Stlth--}
   (You found it on level 3 of the Elven Halls)

   *Dazzle:   It may blind those who miss an attack against the wearer in melee
   combat.
   EV+4:      It affects your evasion (+4).
   Stlth--:   It makes you much less stealthy.
 F - the +2 helmet of the Hidden Allies (worn) {rElec Will+ Int+5 Dex-4}
   (You acquired it on level 1 of the Snake Pit)

   Int+5:     It affects your intelligence (+5).
   Dex-4:     It affects your dexterity (-4).
   rElec:     It insulates you from electricity.
   Will+:     It increases your willpower.
 R - the +2 pair of boots of Lohiun (worn) {Str+3 Int+3}
   (You found it on level 5 of the Vaults)

   Str+3:     It affects your strength (+3).
   Int+3:     It affects your intelligence (+3).
 W - the +1 pearl dragon scales of Tender Moments {+Blink Fly rN+ Regen+ Slay-6}
   (You found it on level 16 of a ziggurat)

   Slay-6:    It affects your accuracy & damage with ranged weapons and melee
   (-6).
   rN+:       It protects you from negative energy.
   Fly:       It grants you flight.
   +Blink:    It lets you blink.
   Regen+:    It increases your rate of health regeneration.
Magical Staves
 p - the staff of Ustroliwu (weapon) {rC+ Conj}
   (You found it on level 19 of a ziggurat)

   [staff of conjuration]

   Base accuracy: +5 Base damage: 5 Base attack delay: 1.2 This weapon's minimum
   attack delay (0.6) is reached at skill level 12.
   rC+:       It protects you from cold.
   Conj:      It increases the power of your Conjurations spells.
   It falls into the 'Staves' category.
   It is a one-handed weapon.
 O - the staff "Gom Fuba" {rElec rF+ rC+ Str+3 Dex+3 Fire}
   (You found it on level 22 of a ziggurat)

   [staff of fire]

   Base accuracy: +5 Base damage: 5 Base attack delay: 1.2 This weapon's minimum
   attack delay (0.6) is reached at skill level 12.
   Str+3:     It affects your strength (+3).
   Dex+3:     It affects your dexterity (+3).
   rF+:       It protects you from fire.
   rC+:       It protects you from cold.
   rElec:     It insulates you from electricity.
   Fire:      It increases the power of your Fire spells.
   It falls into the 'Staves' category.
   It is a one-handed weapon.
Jewellery
 i - the ring of the Garden {Wiz rElec SInv}
   (You bought it in a shop on level 2 of the Orcish Mines)

   [ring of wizardry]

   Wiz:       It improves your spell success rate.
   rElec:     It insulates you from electricity.
   SInv:      It lets you see invisible.
 k - the ring "Tal Qali" {rCorr EV+5 Str+3 Dex+3 Stlth+}
   (You found it on level 4 of the Vaults)

   [ring of evasion]

   EV+5:      It affects your evasion (+5).
   Str+3:     It affects your strength (+3).
   Dex+3:     It affects your dexterity (+3).
   rCorr:     It protects you from acid and corrosion.
   Stlth+:    It makes you more stealthy.
 m - the ring "Ceecob" {Wiz rElec rC+}
   (You found it on level 6 of a ziggurat)

   [ring of wizardry]

   Wiz:       It improves your spell success rate.
   rC+:       It protects you from cold.
   rElec:     It insulates you from electricity.
 v - the ring of Kindness {Fly rC+ Stlth+}
   (You found it on level 5 of the Pits of Slime)

   [ring of flight]

   rC+:       It protects you from cold.
   Fly:       It grants you flight.
   Stlth+:    It makes you more stealthy.
 w - the ring "Sokymekh" {rElec rPois rN+ Will+ Int+4}
   (You found it on level 24 of a ziggurat)

   [ring of positive energy]

   Int+4:     It affects your intelligence (+4).
   rElec:     It insulates you from electricity.
   rPois:     It protects you from poison rN+: It protects you from negative
   energy.
   Will+:     It increases your willpower.
 B - the ring of the Hare {EV+10}
   (You found it on level 25 of a ziggurat)

   [ring of evasion]

   EV+10:     It affects your evasion (+10).
 C - the ring "Toceron" {rPois rF++ Dex+6}
   (You found it on level 23 of a ziggurat)

   [ring of dexterity]

   Dex+6:     It affects your dexterity (+6).
   rF++:      It greatly protects you from fire.
   rPois:     It protects you from poison
 D - an amulet of magic regeneration (around neck)
 P - the ring of Beogh's Pride (left hand) {rN++ EV+5 Int+4 Dex-3}
   (You took it off a deep elf master archer on level 3 of the Elven Halls)

   [ring of evasion]

   EV+5:      It affects your evasion (+5).
   Int+4:     It affects your intelligence (+4).
   Dex-3:     It affects your dexterity (-3).
   rN++:      It greatly protects you from negative energy.
 S - the ring "Zutrehee" (right hand) {rF+ rN+ Will+ AC+4}
   (You found it on level 5 of the Lair of Beasts)

   [ring of protection]

   AC+4:      It affects your AC (+4).
   rF+:       It protects you from fire.
   rN+:       It protects you from negative energy.
   Will+:     It increases your willpower.
 V - the amulet "Veciutej" {rPois rF+ rN+ Regen+ Str+3}
   (You found it in a wizard's laboratory)

   [amulet of regeneration]

   Str+3:     It affects your strength (+3).
   rF+:       It protects you from fire.
   rPois:     It protects you from poison rN+: It protects you from negative
   energy.
   Regen+:    It increases your rate of health regeneration.
Talismans
 H - a talisman of death
 Q - a storm talisman
Wands
 e - a wand of quicksilver (81)
 g - a wand of digging (45)
 Y - a wand of roots (126)
Scrolls
 a - 11 scrolls of blinking
 c - 18 scrolls of fog
 j - 14 scrolls of amnesia
 r - 11 scrolls of fear
 y - 12 scrolls of revelation
 E - 14 scrolls of immolation
 L - 13 scrolls of enchant armour
 N - 42 scrolls of teleportation
Potions
 f - 9 potions of haste
 h - 27 potions of mutation
 l - 20 potions of curing
 o - 7 potions of resistance
 q - 7 potions of heal wounds
 s - 8 potions of brilliance
 t - 10 potions of might
 u - 18 potions of attraction
 x - 13 potions of cancellation
 I - 4 potions of ambrosia
 T - 15 potions of enlightenment
 U - 6 potions of invisibility
 Z - 2 potions of magic
Miscellaneous
 K - a lightning rod (4/4)
 M - a +1 figurine of a ziggurat


   Skills:
 O Level 27 Fighting
 - Level 4.0 Short Blades
 - Level 20.0 Armour
 * Level 18.7 Dodging
 - Level 6.0 Stealth
 + Level 7.8 Unarmed Combat
 O Level 27 Spellcasting
 - Level 22.0 Conjurations
 - Level 5.0 Necromancy
 - Level 4.0 Translocations
 - Level 25.1 Fire Magic
 - Level 21.0 Ice Magic
 - Level 21.0 Air Magic
 - Level 10.0 Earth Magic
 - Level 23.0 Shapeshifting


You had 4 spell levels left.
You knew the following spells:

 Your Spells              Type           Power      Damage    Failure   Level
a - Orb of Destruction    Conj           76%        9d17      1%          7
b - Ignition              Fire           66%        3d18      1%          8
c - Iskenderun's Mystic   Conj/Tloc      100%       2d19      1%          4
e - Fire Storm            Conj/Fire      77%        8d20      2%          9
f - Fireball              Conj/Fire      77%        3d29      1%          5
g - Chain Lightning       Conj/Air       75%        3d100     4%          9
h - Searing Ray           Conj           100%       2d8       1%          2
i - Starburst             Conj/Fire      77%        6d20      1%          6
j - Blink                 Tloc           100%       N/A       1%          2
k - Freezing Cloud        Conj/Ice/Air   75%        6-21      1%          5
r - Polar Vortex          Ice            62%        12d8*     4%          9
v - Lehudib's Crystal Sp  Conj/Erth      68%        10d16     2%          8
x - Sublimation of Blood  Necr           78%        N/A       1%          2

Your spell library contained the following spells:

 Spells                   Type           Power      Damage    Failure   Level
 Apportation              Tloc           100%       N/A       1%          1
 Foxfire                  Conj/Fire      100%       2x1d9     1%          1
 Freeze                   Ice            100%       1d10      1%          1
 Kiss of Death            Conj/Necr      100%       2d13      1%          1
 Magic Dart               Conj           100%       1d8       1%          1
 Necrotise                Necr           100%       1d9       1%          1
 Sandblast                Erth           100%       2d20      1%          1
 Shock                    Conj/Air       100%       1d9       1%          1
 Cigotuvi's Dreadful Rot  Necr/Pois/Air  100%       N/A       1%          2
 Ensorcelled Hibernation  Hex/Ice        100%       N/A       1%          2
 Lesser Beckoning         Tloc           100%       N/A       1%          2
 Momentum Strike          Conj/Tloc      100%       3d10      1%          2
 Passwall                 Tmut/Erth      65%        N/A       1%          2
 Poisonous Vapours        Pois/Air       100%       N/A       1%          2
 Scorch                   Fire           100%       2d9       1%          2
 Dazzling Flash           Conj/Hex       100%       N/A       1%          3
 Frozen Ramparts          Ice            100%       1d16      1%          3
 Hailstorm                Conj/Ice       100%       3d20      1%          3
 Ignite Poison            Fire/Tmut/Pois 91%        N/A       1%          3
 Inner Flame              Hex/Fire       100%       N/A       1%          3
 Mephitic Cloud           Conj/Pois/Air  100%       N/A       1%          3
 Ozocubu's Armour         Ice            100%       N/A       1%          3
 Stone Arrow              Conj/Erth      100%       3d13      1%          3
 Swiftness                Air            100%       N/A       1%          3
 Vampiric Draining        Necr           78%        2d11      1%          3
 Volatile Blastmotes      Fire/Tloc      100%       2d18      1%          3
 Airstrike                Air            62%        2d(9-25)  1%          4
 Brom's Barrelling Bould  Conj/Erth      100%       2d11      1%          4
 Flame Wave               Conj/Fire      100%       2d21      1%          4
 Fulminant Prism          Conj/Hex       61%        3d26      1%          4
 Sticky Flame             Conj/Fire      100%       2d11      1%          4
 Summon Ice Beast         Ice/Summ       98%        N/A       1%          4
 Vhi's Electric Charge    Tloc/Air       100%       N/A       1%          4
 Slow                     Hex            100%       N/A       2%          1
 Sting                    Tmut/Pois      100%       1d8       2%          1
 Summon Small Mammal      Summ           100%       N/A       2%          1
 Gell's Gravitas          Tloc           74%        N/A       2%          3
 Teleport Other           Tloc           74%        N/A       2%          3
 Call Imp                 Summ           100%       N/A       3%          2
 Wereblood                Tmut           54%        N/A       3%          2
 Animate Armour           Summ/Erth      100%       N/A       3%          4
 Animate Dead             Necr           78%        N/A       3%          4
 Dispel Undead            Necr           78%        3d26      3%          4
 Leda's Liquefaction      Hex/Erth       39%        N/A       3%          4
 Manifold Assault         Tloc           74%        N/A       3%          4
 Olgreb's Toxic Radiance  Pois           54%        N/A       3%          4
 Passage of Golubria      Tloc           74%        N/A       3%          4
 Petrify                  Tmut/Erth      78%        N/A       3%          4
 Call Canine Familiar     Summ           54%        N/A       4%          3
 Confusing Touch          Hex            54%        N/A       4%          3
 Sigil of Binding         Hex            54%        N/A       4%          3
 Summon Guardian Golem    Hex/Summ       54%        N/A       4%          3
 Tukima's Dance           Hex            54%        N/A       4%          3
 Anguish                  Hex/Necr       33%        N/A       5%          4
 Dimensional Bullseye     Hex/Tloc       32%        N/A       6%          4
 Cause Fear               Hex            27%        N/A       11%         4
 Arcjolt                  Conj/Air       75%        1d85      1%          5
 Irradiate                Conj/Tmut      61%        3d32      1%          5
 Lee's Rapid Deconstruct  Erth           48%        3d23*     1%          5
 Metabolic Englaciation   Hex/Ice        49%        N/A       1%          5
 Silence                  Hex/Air        49%        N/A       1%          5
 Bombard                  Conj/Erth      68%        9d11      1%          6
 Conjure Ball Lightning   Conj/Air       75%        3x3d28    1%          6
 Plasma Beam              Fire/Air       64%        2x1d80    1%          6
 Ozocubu's Refrigeration  Ice            62%        4d21      1%          7
 Maxwell's Capacitive Co  Air            62%        ∞         1%          8
 Simulacrum               Ice/Necr       52%        N/A       2%          6
 Spellforged Servitor     Conj/Summ      61%        N/A       2%          7
 Borgnjor's Vile Clutch   Necr/Erth      44%        N/A       3%          5
 Agony                    Necr           78%        N/A       5%          5
 Yara's Violent Unravell  Hex/Tmut       27%        3d12      6%          5
 Summon Forest            Summ/Tloc      32%        N/A       12%         5
 Death Channel            Necr           39%        N/A       17%         6
 Alistair's Intoxication  Tmut/Pois      36%        N/A       22%         5
 Summon Mana Viper        Hex/Summ       54%        N/A       22%         5
 Dispersal                Tloc           37%        N/A       22%         6
 Eringya's Noxious Bog    Tmut/Pois      27%        4d6       22%         6
 Summon Cactus Giant      Summ           27%        N/A       65%         6
 Haunt                    Necr/Summ      33%        N/A       85%         7
 Malign Gateway           Summ/Tloc      32%        N/A       89%         7
 Enfeeble                 Hex            27%        N/A       99%         7
 Monstrous Menagerie      Summ           27%        N/A       99%         7
 Summon Hydra             Summ           27%        N/A       99%         7
 Borgnjor's Revivificati  Necr           39%        N/A       99%         8
 Disjunction              Tloc           37%        N/A       99%         8
 Discord                  Hex            27%        N/A       100%        8
 Summon Horrible Things   Summ           27%        N/A       100%        8
 Death's Door             Necr           39%        N/A       100%        9
 Dragon's Call            Summ           27%        N/A       100%        9


Dungeon Overview and Level Annotations

Branches:
Dungeon (15/15)            Temple (1/1) D:7            Lair (5/5) D:11
  Swamp (4/4) Lair:2        Snake (4/4) Lair:3        Slime (5/5) Lair:5
    Orc (2/2) D:10            Elf (3/3) Orc:2        Vaults (5/5) D:14
  Crypt (3/3) Vaults:3       Tomb (3/3) Crypt:3      Depths (4/4) D:15
    Zot (0/5) Depths:4      IceCv (visited)          WizLab (visited)
Desolation (visited)      Gauntlet (visited)

Altars:
Ashenzari
Cheibriados
Dithmenos
Elyvilon
Fedhas
Gozag
Hepliaklqana
Kikubaaqudgha
Makhleb
Nemelex Xobeh
Okawaru
Qazlal
Ru
Sif Muna
Trog
Uskayaw
Vehumet
Wu Jian
Xom
Yredelemnul
Zin
The Shining One
Jiyva
Lugonu

Shops:
D:3 (((   Orc:2 :!=[   Elf:2 *   Elf:3 (   Snake:4 !?(   Vaults:1 :
Vaults:5 [   Depths:1 :=(?(   Depths:2 =

Portals:
Hell: Depths:1 Depths:2 Depths:3 Depths:4
Abyss: Lair:5 Depths:1 Depths:3
Pandemonium: Depths:1 Depths:2 Depths:4

Annotations:
Temple 4 transporters
Elf:1 6 runed translucent doors


Innate Abilities, Weirdness & Mutations

Your flesh is cold resistant. (rC+)


Message History

The war gargoyle is severely damaged.
The great blast of fire engulfs the Hell Sentinel!!
The Hell Sentinel partially resists.
You kill the Hell Sentinel!
Vehumet accepts your kill.
You feel your power returning.
The great blast of fire engulfs the Hell Sentinel!!
The Hell Sentinel partially resists.
You kill the Hell Sentinel!
Vehumet accepts your kill.
You feel your power returning.
Your fire vortex hits the war gargoyle.
Your fire vortex burns the war gargoyle!
The war gargoyle resists.
Your fire vortex dissipates!
The war gargoyle hits your fire vortex with a +2 dire flail of draining.
A hellion comes into view.
The iron giant is engulfed in blazing flames.
The Hell Sentinel hits your fire vortex!! x2
Your fire vortex dissipates!
The iron giant is engulfed in blazing flames.
The iron giant throws the iron giant at you!
The iron giant points at you and mumbles some strange words.
The iron shot hits you!!
Blink to where?
Press: ? - help, Dir - move target A tormentor, an ancient champion, an iron dragon, 3 crystal echidnas, a war gargoyle and 4 iron giants come into view.
The ancient champion is wielding a +0 great sword of draining.
As you read the scroll of blinking, it crumbles to dust.
The tormentor roars!
The iron dragon roars deafeningly!
The iron giant shouts!
The war gargoyle launches metal splinters at you.
The spray of metal splinters hits your fire vortex!!!
Your fire vortex dissipates!
The spray of metal splinters misses you.
The iron giant throws the Hell Sentinel at you!
* * * LOW HITPOINT WARNING * * *
An iron giant comes into view. It is wielding a +0 giant club.
The iron giant throws the iron giant at you!
* * * LOW HITPOINT WARNING * * *
The iron giant hits you with a +0 giant spiked club!!!
You die...

................°v.☼○...▓
.........r.....v°○°°°○.§▓
........C.)..r.rC.☼.v☼.C▓
.........C.).†.21..○°°..▓
........9C)rD.C91)○vv☼..▓
...........z....C...v○..▓
..............rC9☼9.....▓
................C.......▓
...............1@.......▓
▓.............▓▓▓▓▓▓▓▓▓▓▓
▓.............▓ .


You could see an iron golem, 8 iron giants, 3 Hell Sentinels, an iron dragon, an
ancient champion, 5 crystal echidnas, 2 war gargoyles, a tormentor and 5
friendly fire vortices.

Vanquished Creatures
  the Royal Jelly (Slime:5)
  The ghost of Tibbeudu the Wishgranter, a legendary DjCj of Makhleb (Zig:26)
  The ghost of Tibbeudu the Wishgranter, a legendary DjCj of Makhleb (Zig:26)
  The ghost of Atufasha the Petrodigitator, a legendary DDBr of Makhleb (Zig:26)
  The ghost of Atufasha the Petrodigitator, a legendary DDBr of Makhleb (Zig:26)
  Khufu (Tomb:3)
  5 dread liches
  The ghost of Jinaptea the Conqueror, a legendary DDFi of Makhleb (Zig:26)
  The ghost of Zacaty the Axe Maniac, a legendary MiFi of Gozag (Zig:26)
  The ghost of Zacaty the Axe Maniac, a legendary MiFi of Gozag (Zig:26)
  The ghost of Wiesk the Conqueror, a legendary DDFi of Makhleb (Zig:26)
  8 ancient liches
  The ghost of Boycipp the Conqueror, a legendary DsFi of Makhleb (Zig:26)
  The ghost of Boycipp the Conqueror, a legendary DsFi of Makhleb (Zig:26)
  The ghost of Siupsuvve the Slayer, a veteran MiBe of Trog (Zig:26)
  The ghost of Siupsuvve the Slayer, a veteran MiBe of Trog (Zig:26)
  The ghost of Zupseoh the Swordmaster, a legendary DDFi of Makhleb (Zig:26)
  Mennas (Crypt:3)
  The ghost of Yxuenos the Conqueror, a legendary DsFi of Makhleb (Zig:26)
  The ghost of Obrefem the Slayer, a legendary HaHu of Okawaru (Zig:26)
  4 juggernauts (Zig:18)
  42 royal mummies
  The ghost of Fiusean the Slayer, a veteran MiBe of Trog (Zig:26)
  Boris (thrice) (Vaults:2 Vaults:3 Tomb:2)
  A shard shrike (Zig:2)
  Parghit (Depths:4)
  5 pandemonium lords
  3 Killer Klowns (Zig:9)
  3 curse toes (Zig:26)
  the Lernaean hydra (Swamp:4)
  The ghost of Waphaim the Skinwalker, a veteran DsDe of Gozag (Zig:26)
  Xtahua (Vaults:5)
  12 golden dragons
  15 caustic shrikes
  Nikola (Swamp:2)
  2 profane servitors
  6 pearl dragons (Zig:12)
  6 bone dragons
  2 Tzitzimimeh
  9 iron giants
  7 Brimstone Fiends (Zig:25)
  Rupert (D:13)
  A Cloud Mage (WizLab)
  5 tentacled monstrosities
  8 hellephants (Zig:25)
  Zenata (Vaults:2)
  A walking earthen tome (Depths:2)
  A walking divine tome (Depths:1)
  A tainted leviathan (Zig:1)
  19 Hell Sentinels
  3 quicksilver dragons
  13 searing wretches (Zig:25)
  15 titans
  9 liches
  Asterion (Vaults:2)
  13 deep elf blademasters
  10 deep elf master archers
  22 acid blobs
  4 Executioners
  21 ancient champions
  An eldritch tentacle (Zig:13)
  Gastronok (D:8)
  17 sphinxes
  Frances (D:13)
  9 shadow dragons
  5 tentacled starspawn
  2 thorn hunters
  23 tengu reavers
  Agnes (D:15)
  5 storm dragons
  Kirke (D:15)
  5 demonspawn warmongers
  11 azure jellies
  7 draconian monks (Zig:17)
  Roxanne (Swamp:1)
  A fenstrider witch (Zig:7)
  16 revenants
  29 nagarajas
  A fenstrider witch (shapeshifter) (Vaults:5)
  23 fire giants
  3 daevas (Zig:12)
  11 balrugs
  4 iron dragons
  12 deep elf sorcerers
  The ghost of PurpleRed the Devastator, an adept DEDe of Vehumet (Elf:3)
  3 imperial myrmidons (Desolation)
  11 rockslimes
  5 draconian knights
  7 ghost moths (Zig:23)
  12 frost giants
  17 vault wardens
  6 emperor scorpions (Zig:23)
  2 caustic shrike zombies (Crypt:3)
  5 draconian scorchers
  19 quicksilver elementals
  A draconian stormcaller (Zig:17)
  11 orc warlords
  5 deep elf elementalists
  5 draconian shifters (Zig:17)
  11 curse skulls
  5 spriggan defenders
  9 draconian annihilators
  Louise (Swamp:3)
  4 angels (Zig:12)
  2 cacodemons
  10 quicksilver oozes
  10 ghouls (Crypt:3)
  7 demonspawn blood saints
  6 formless jellyfish
  2 broodmothers (Zig:23)
  3 apis (Zig:12)
  2 juggernaut skeletons
  4 reapers
  A caustic shrike skeleton (Zig:15)
  19 ironbound preservers
  12 deep elf demonologists
  18 war gargoyles
  4 demonspawn corrupters
  30 very ugly things
  24 stone giants
  3 ophanim (Zig:12)
  7 ironbound thunderhulks
  3 lorocyprocas
  2 black draconians
  6 demonspawn black suns
  2 putrid mouths
  A green draconian (Zig:17)
  9 eleionomae
  22 dire elephants
  20 bennus
  8 vampire knights
  2 purple draconians
  6 bunyips
  25 deep elf annihilators
  3 halazid warlocks (Desolation)
  16 spark wasps
  A minotaur (Gauntlet)
  A spark wasp (shapeshifter) (Depths:4)
  4 yellow draconians
  14 eidola
  3 green deaths
  12 fire dragons
  30 ettins
  Josephine (D:15)
  10 iron golems
  5 blizzard demons
  8 merfolk javelineers
  3 merfolk impalers
  7 deep elf death magi
  16 deep elf high priests
  12 ragged hierophants (Desolation)
  36 mummy priests
  7 jiangshi
  A spriggan zombie (Tomb:3)
  23 yaktaur captains
  11 entropy weavers
  35 vault guards
  Fannar (D:10)
  2 shambling mangroves
  6 peacekeepers
  19 great orbs of eyes
  A hydra (shapeshifter) (Vaults:5)
  2 spriggan skeletons
  Erolcha (D:10)
  27 hydras
  16 rakshasas
  A hell beast (Zig:13)
  12 servants of whispers
  12 anacondas
  A catoblepas (Zig:8)
  20 salamander tyrants
  An anaconda (shapeshifter) (Zig:21)
  6 ice dragons
  A sphinx zombie (Zig:15)
  14 ghost crabs
  9 centaur warriors
  10 ogre magi
  15 two-headed ogres
  2 jorogumos (Zig:23)
  A death knight (Crypt:3)
  3 radroaches (Zig:23)
  15 alligators
  4 hell hogs (Zig:25)
  9 spriggan air magi
  5 ironbound frosthearts
  2 merfolk avatars
  2 satyrs (Zig:16)
  2 stokers (Zig:25)
  11 deep troll shamans
  A radroach (shapeshifter) (Zig:21)
  35 dancing weapons
  7 vampire magi
  5 boulder beetles
  48 death scarabs
  22 naga warriors
  15 death yaks
  11 merfolk aquamancers
  12 deep troll earth magi
  17 naga sharpshooters
  10 thrashing horrors
  6 occultists
  2 demonic crawlers (Zig:23)
  3 titan zombies
  7 spriggan berserkers
  14 orc high priests
  21 shock serpents
  5 tengu warriors
  11 hell knights
  A shock serpent (shapeshifter) (Depths:4)
  2 sun demons (Depths:2)
  34 deep elf knights
  10 salamander mystics
  21 skeletal warriors
  A storm dragon zombie (Zig:15)
  7 crystal echidnas
  Amaemon (D:8)
  4 spatial maelstroms (Zig:20)
  5 wretched stars
  Nergalle (Lair:2)
  3 soul eaters
  A storm dragon skeleton (Crypt:1)
  4 titan skeletons
  9 cherubim (Zig:12)
  11 goliath frogs
  4 shadow wraiths
  A sixfirhy (Zig:13)
  5 pharaoh ants (Zig:23)
  12 sea snakes
  A sea snake (shapeshifter) (Vaults:4)
  A bunyip zombie (Tomb:3)
  A skyshark (Zig:5)
  7 flayed ghosts
  8 glowing orange brains
  13 iron trolls
  5 spriggan druids
  5 golden dragon zombies (Zig:15)
  Lodul (D:14)
  3 death drakes
  28 deep elf archers
  A glowing orange brain (shapeshifter) (Zig:14)
  67 deep trolls
  12 bog bodies
  A shadow dragon zombie (Zig:7)
  9 orb spiders (Zig:23)
  14 naga ritualists
  An orb spider (shapeshifter) (Vaults:5)
  9 arcanists
  15 lindwurms
  An obsidian statue (Zig:2)
  3 shadow demons (Zig:13)
  A tengu zombie (Zig:15)
  4 orange crystal statues
  23 swamp dragons
  24 phantasmal warriors
  12 orc knights
  30 harpies
  A harpy (shapeshifter) (Elf:2)
  A swamp dragon (shapeshifter) (Lair:5)
  4 steelbarb worms (Zig:23)
  17 ironbound convokers
  2 mana vipers (shapeshifter)
  43 deep elf pyromancers
  12 necromancers
  13 starcursed masses
  32 deep elf zephyrmancers
  6 wolf spiders (Zig:23)
  12 manticores
  An iron dragon zombie (Crypt:1)
  A fire giant zombie (Zig:7)
  7 mana vipers
  A shadow dragon skeleton (Tomb:2)
  36 ugly things
  8 will-o-the-wisps
  7 fauns (Zig:16)
  A faun (shapeshifter) (Zig:14)
  4 moths of wrath
  29 orc sorcerers
  2 shining eyes
  16 cyclopes
  A merfolk siren (Zig:13)
  20 salamanders
  18 vault sentinels
  61 black mambas
  2 elephants (shapeshifter)
  2 elephants
  8 torpor snails
  A formless jellyfish zombie (Crypt:2)
  5 eyes of devastation
  A stone giant skeleton (Crypt:1)
  9 ice statues
  A molten gargoyle (Desolation)
  17 guardian serpents
  17 cane toads
  2 gargoyles
  30 naga magi
  6 apocalypse crabs
  8 water nymphs
  An orange demon (D:8)
  3 human skeletons (Vaults:2)
  5 efreet
  A rust devil (Zig:13)
  A cane toad (shapeshifter) (Depths:3)
  2 smoke demons
  A rime drake (Lair:2)
  A kobold demonologist (D:9)
  A yaktaur zombie (Vaults:2)
  5 unseen horrors
  6 hellions
  6 freezing wraiths
  Psyche (D:10)
  16 komodo dragons
  34 yaktaurs
  2 anaconda simulacra (IceCv)
  A hydra zombie (Crypt:2)
  71 guardian mummies
  7 tengu conjurers
  A red devil (Zig:13)
  6 tormentors
  6 ice devils
  A great orb of eyes zombie (Crypt:2)
  7 ancient zymes
  A grey draconian skeleton (Crypt:2)
  A meliai (Zig:23)
  2 hellwings
  A meliai (shapeshifter) (Depths:4)
  20 hornets
  A merfolk (shapeshifter) (Zig:21)
  4 bloated husks
  21 merfolk
  3 queen bees (shapeshifter)
  12 trolls
  A tyrant leech (shapeshifter) (Zig:14)
  7 wind drakes
  86 saltlings
  11 tyrant leeches
  5 polar bears
  3 raiju
  12 dream sheep
  A glass eye (Slime:5)
  2 tarantellas
  13 large abominations
  A culicivora zombie (Crypt:3)
  33 blink frogs
  A harpy skeleton (Crypt:1)
  A dream sheep (shapeshifter) (Zig:9)
  A jumping spider (shapeshifter) (Zig:21)
  A meliai zombie (Crypt:3)
  7 snapping turtles
  35 flying skulls
  83 slime creatures
  A jumping spider (Zig:23)
  18 air elementals
  18 spriggans
  2 centaur simulacra
  An ettin skeleton (Crypt:3)
  16 ushabtiu
  6 ynoxinuls
  5 dire elephant simulacra (IceCv)
  11 water elementals
  3 culicivoras
  12 wraiths
  7 wyverns
  A hog (shapeshifter) (Depths:4)
  A human (shapeshifter) (Zig:16)
  67 yaks
  3 golden eyes
  9 basilisks
  7 chaos spawn
  4 fire elementals
  A hog (D:15)
  5 neqoxecs
  6 redbacks
  15 vampire mosquitoes
  A steam dragon (D:9)
  3 glowing shapeshifter zombies
  2 harpy simulacra (IceCv)
  14 swamp worms
  16 wargs
  47 nagas
  17 water moccasins
  A hydra simulacrum (IceCv)
  A demonspawn skeleton (Crypt:1)
  A glowing shapeshifter skeleton (Zig:15)
  58 orc warriors
  12 swamp drakes
  2 sky beasts
  17 small abominations
  32 ogres
  A black bear (Lair:1)
  24 wolves
  13 centaurs
  A human zombie (Vaults:2)
  A phantom (D:7)
  A kobold brigand (D:7)
  21 bullfrogs
  A gnoll sergeant (D:8)
  A komodo dragon zombie (Crypt:1)
  A komodo dragon skeleton (Crypt:1)
  3 scorpions
  8 earth elementals
  11 wights
  16 killer bees
  2 elephant simulacra (IceCv)
  A troll skeleton (Crypt:2)
  5 electric eels
  9 howler monkeys
  A wolf zombie (Crypt:1)
  4 jellies
  3 hounds
  14 orc priests
  3 gnoll boudas
  A sleepcap (D:8)
  2 iguanas (D:5)
  41 orc wizards
  2 spriggan simulacra (IceCv)
  4 hell rats (Lair:4)
  A sky beast zombie (Crypt:3)
  2 tengu skeletons
  An acid dragon skeleton (Crypt:1)
  89 mummies
  11 gnolls
  A swamp drake zombie (Crypt:1)
  3 adders
  A naga simulacrum (IceCv)
  3 white imps
  3 ufetubi
  An iguana zombie (Crypt:2)
  2 dart slugs
  2 worms
  61 orcs
  5 bats
  A bat zombie (Crypt:2)
  3 endoplasms
  3 giant cockroaches
  10 goblins
  7 hobgoblins
  4 jackals (D:2)
  14 kobolds
  2 quokkas
  10 ball pythons
  5 frilled lizards
  A giant cockroach zombie (Crypt:3)
  A rat (D:3)
  A rat zombie (Crypt:1)
  4 butterflies
  3 fire vortices
4001 creatures vanquished.

Vanquished Creatures (collateral kills)
  2 juggernauts
  2 royal mummies
  A pearl dragon (Zig:20)
  An iron giant (Zig:18)
  A lich (Crypt:3)
  A tentacled monstrosity (Zig:18)
  An Ice Fiend (Zig:2)
  A deep elf master archer (Zig:24)
  2 titans (Zig:18)
  3 sphinxes
  2 ancient champions
  A tengu reaver (Zig:21)
  A revenant (Zig:26)
  3 very ugly things
  A draconian annihilator (Zig:22)
  A stone giant (Zig:14)
  2 orc warlords
  A war gargoyle (Zig:27)
  A black draconian (Zig:17)
  A mummy priest (Zig:15)
  2 entropy weavers
  An ice dragon (Depths:4)
  A fire dragon (Depths:1)
  A great orb of eyes (Depths:4)
  A deep elf high priest (Zig:21)
  A sphinx zombie (Zig:15)
  2 death scarabs (Tomb:3)
  A sphinx skeleton (Zig:15)
  A soul eater (Depths:1)
  A skeletal warrior (Crypt:3)
  An anaconda zombie (Crypt:3)
  A steelbarb worm (Zig:23)
  An ugly thing (Depths:3)
  A deep elf pyromancer (Zig:16)
  A naga zombie (Tomb:1)
  An unseen horror (Depths:3)
  A hellion (Zig:17)
  A guardian mummy (Tomb:3)
  A saltling (Desolation)
  An air elemental (Zig:24)
  A jumping spider (Zig:23)
  An ushabti (Tomb:1)
  An orc warrior (Zig:19)
  2 ogres (Zig:19)
  A killer bee (D:9)
  An orc priest (Zig:19)
  A gnoll bouda (Zig:19)
  An orc wizard (Depths:3)
  13 mummies
73 creatures vanquished.

Vanquished Creatures (others)
  2 tengu reavers (Zig:22)
  A very ugly thing (Depths:4)
  2 bloated husks
  A human (D:15)
  1295 fire vortices
  10 foxfires
1311 creatures vanquished.

Grand Total: 5385 creatures vanquished

Notes
Turn   | Place    | Note
-------+----------+-------------------------------------------
     0 | D:5      | PurpleRed the Deep Elf Delver began the quest for the Orb.
     0 | D:5      | Reached XP level 1. HP: 13/13 MP: 3/3
   118 | D:6      | Noticed a bullfrog
   141 | D:7      | Noticed a phantom
   164 | D:6      | Noticed an iguana
   218 | D:5      | Noticed a centaur
   278 | D:5      | Noticed an iguana
   293 | D:5      | Noticed a centaur
   315 | D:5      | Noticed an iguana
   362 | D:3      | Found a shadowy altar of Dithmenos.
   440 | D:4      | Noticed a scorpion
   469 | D:4      | Reached skill level 1 in Spellcasting
   493 | D:4      | Found a sparkling altar of Nemelex Xobeh.
   551 | D:4      | Reached XP level 2. HP: 18/18 MP: 6/6
   740 | D:3      | Found Isuabax's Antique Weapon Emporium.
   862 | D:3      | Found Badetih's Antique Weapon Boutique.
  1019 | D:3      | Reached XP level 3. HP: 21/22 MP: 7/7
  1912 | D:2      | Reached XP level 4. HP: 15/28 MP: 10/10
  2291 | D:3      | Bought a slimy dagger for 133 gold pieces
  2291 | D:3      | Identified the +3 dagger of Imbalance {freeze, rPois rCorr
                  | Str+2 Int+5} (You bought it in a shop on level 3 of the
                  | Dungeon)
  2356 | D:3      | Found Plog's Weapon Shop.
  2705 | D:4      | Noticed a scorpion
  2716 | D:4      | Killed a scorpion
  2717 | D:4      | Reached skill level 1 in Conjurations
  2717 | D:4      | Reached XP level 5. HP: 32/32 MP: 10/12
  2720 | D:4      | Learned a level 2 spell: Poisonous Vapours
  2985 | D:3      | Reached skill level 1 in Air Magic
  3031 | D:3      | Learned a level 3 spell: Mephitic Cloud
  3175 | D:5      | Reached XP level 6. HP: 29/37 MP: 1/14
  3684 | D:5      | Reached skill level 5 in Spellcasting
  3684 | D:5      | Reached XP level 7. HP: 39/41 MP: 12/16
  3983 | D:5      | Learned a level 4 spell: Iskenderun's Mystic Blast
  4354 | D:6      | Reached skill level 1 in Translocations
  4704 | D:6      | Identified a scroll of acquirement
  4728 | D:6      | Reached skill level 5 in Conjurations
  4728 | D:6      | Reached XP level 8. HP: 22/46 MP: 14/20
  5659 | D:7      | Found a staircase to the Ecumenical Temple.
  5668 | Temple   | Found a transporter.
  5668 | Temple   | Found a transporter.
  5668 | Temple   | Found a transporter.
  5668 | Temple   | Found a transporter.
  5668 | Temple   | Entered the Ecumenical Temple
  6095 | D:7      | Found a bloodstained altar of Trog.
  6423 | D:8      | Reached XP level 9. HP: 45/50 MP: 12/24
  6424 | D:8      | Noticed Amaemon
  6429 | D:8      | Noticed an orange demon
  6735 | D:8      | Reached skill level 10 in Spellcasting
  7095 | D:8      | Learned a level 5 spell: Freezing Cloud
  7128 | D:8      | Found a sacrificial altar of Ru.
  7232 | D:8      | Killed Amaemon
  7428 | D:8      | Killed an orange demon
  7653 | D:8      | Noticed Gastronok
  7681 | D:8      | Killed Gastronok
  7682 | D:8      | Reached skill level 10 in Conjurations
  7682 | D:8      | Reached XP level 10. HP: 41/56 MP: 3/27
  8319 | D:9      | Found a basalt altar of Yredelemnul.
  8587 | D:9      | Found an iron altar of Okawaru.
  8588 | D:9      | Found a radiant altar of Vehumet.
  8588 | D:9      | Found a blossoming altar of Fedhas.
  8588 | D:9      | Found a glowing golden altar of the Shining One.
  8595 | D:9      | Became a worshipper of Vehumet
  8742 | D:9      | Identified the ring "Josocw" {rN+ Dex+6}
  8784 | D:9      | Reached skill level 1 in Fire Magic
  9008 | D:9      | Identified the +1 pair of boots "Huasov" {+Blink rCorr
                  | Slay+3}
  9069 | D:9      | Found a hide-covered altar of Uskayaw.
  9075 | D:9      | Found a broken altar of Ashenzari.
  9192 | D:10     | Entered Level 10 of the Dungeon
  9221 | D:10     | Noticed Fannar
  9410 | D:10     | Noticed Psyche
  9428 | D:10     | Killed Psyche
  9518 | D:10     | Reached XP level 11. HP: 60/60 MP: 25/29
  9527 | D:10     | Reached * piety under Vehumet
  9527 | D:10     | Offered knowledge of Freeze by Vehumet.
  9857 | D:10     | Killed Fannar
 10014 | D:10     | Noticed Erolcha
 10030 | D:10     | Killed Erolcha
 10087 | D:10     | Reached skill level 5 in Dodging
 10135 | D:10     | Noticed a two-headed ogre
 10152 | D:10     | Killed a two-headed ogre
 10351 | D:10     | Found a staircase to the Orcish Mines.
 11072 | D:11     | Reached skill level 5 in Fire Magic
 11086 | D:11     | Offered knowledge of Searing Ray by Vehumet.
 11093 | D:11     | Learned a level 2 spell: Searing Ray
 11120 | D:11     | Found a staircase to the Lair.
 11172 | D:11     | Reached ** piety under Vehumet
 12141 | D:11     | Noticed a tengu warrior
 12303 | Gauntlet | Identified the of Gief
 12303 | Lair:1   | Entered Level 1 of the Lair of Beasts
 12312 | Lair:1   | Reached XP level 12. HP: 58/64 MP: 26/32
 12943 | Lair:1   | Offered knowledge of Ignite Poison by Vehumet.
 13158 | Lair:1   | Identified the +6 dire flail "Qothef" {flame, rC++ Str-4}
 13552 | Lair:2   | Reached *** piety under Vehumet
 13732 | Lair:2   | Reached skill level 15 in Conjurations
 13734 | Lair:2   | Noticed a death yak
 13734 | Lair:2   | Noticed a death yak
 13736 | Lair:2   | Noticed a death yak
 13741 | Lair:2   | Killed a death yak
 13741 | Lair:2   | Offered knowledge of Airstrike by Vehumet.
 13742 | Lair:2   | Reached skill level 15 in Spellcasting
 13745 | Lair:2   | Killed a death yak
 13748 | Lair:2   | Killed a death yak
 14040 | Lair:2   | Found a staircase to the Swamp.
 14140 | Lair:2   | Reached XP level 13. HP: 70/70 MP: 19/34
 14294 | Lair:2   | Noticed Nergalle
 14301 | Lair:2   | Killed Nergalle
 14811 | Lair:3   | Reached **** piety under Vehumet
 15094 | Lair:3   | Offered knowledge of Frozen Ramparts by Vehumet.
 15097 | Lair:3   | Reached skill level 5 in Fighting
 15164 | Lair:3   | Found a frozen archway.
 15272 | IceCv    | Entered an ice cave
 17088 | Lair:3   | Found a staircase to the Snake Pit.
 17089 | Lair:3   | Reached ***** piety under Vehumet
 17093 | Lair:3   | Offered knowledge of Starburst by Vehumet.
 17136 | Lair:3   | Learned a level 6 spell: Starburst
 17905 | Lair:4   | Reached XP level 14. HP: 79/79 MP: 31/36
 18287 | Lair:4   | Reached skill level 10 in Fire Magic
 18802 | Lair:5   | Entered Level 5 of the Lair of Beasts
 18833 | Lair:5   | Reached skill level 1 in Armour
 18975 | Lair:5   | Found a staircase to the Slime Pits.
 18976 | Lair:5   | Identified the ring "Zutrehee" {rF+ rN+ Will+ AC+4}
 19254 | Lair:5   | Offered knowledge of Olgreb's Toxic Radiance by Vehumet.
 20662 | Lair:5   | Found a corrupted altar of Lugonu.
 20662 | Lair:5   | Found a one-way gate to the infinite horrors of the Abyss.
 21153 | D:12     | Found a gate leading to a gauntlet.
 21164 | Gauntlet | Entered a Gauntlet
 21164 | Gauntlet | Found a transporter.
 21164 | Gauntlet | Found a transporter.
 21164 | Gauntlet | Found a transporter.
 21289 | Gauntlet | Found a transporter.
 21291 | Gauntlet | Found a transporter.
 21299 | Gauntlet | Found a transporter.
 21302 | Gauntlet | Found a transporter.
 21313 | Gauntlet | Found a transporter.
 21328 | Gauntlet | Found a transporter.
 21335 | Gauntlet | Found a transporter.
 21338 | Gauntlet | Found a transporter.
 21348 | Gauntlet | Found a transporter.
 21680 | Gauntlet | Reached XP level 15. HP: 86/86 MP: 25/38
 21772 | Gauntlet | Identified the +10 short sword "Worm" {freeze, *Rage rPois
                  | Int+4 SInv}
 21913 | Gauntlet | Identified the +3 steam dragon scales of Music {Slay+3}
 22240 | D:12     | Offered knowledge of Fireball by Vehumet.
 22247 | D:12     | Learned a level 5 spell: Fireball
 22584 | D:13     | Found a blossoming altar of Fedhas.
 22783 | D:13     | Noticed Frances
 22790 | D:13     | Killed Frances
 23007 | D:13     | Noticed a sphinx
 23047 | D:13     | Killed a sphinx
 23188 | D:13     | Noticed Rupert
 23201 | D:13     | Killed Rupert
 23497 | D:14     | Noticed Lodul
 23500 | D:14     | Killed Lodul
 24213 | D:14     | Found a broken altar of Ashenzari.
 24467 | D:14     | Reached skill level 15 in Fire Magic
 24482 | D:14     | Found a gate to the Vaults.
 24576 | D:15     | Entered Level 15 of the Dungeon
 24723 | D:15     | Noticed Agnes
 24726 | D:15     | Killed Agnes
 25064 | D:15     | Offered knowledge of Orb of Destruction by Vehumet.
 25066 | D:15     | Noticed Kirke
 25092 | D:15     | Killed Kirke
 25107 | D:15     | Noticed Josephine
 25129 | D:15     | Killed Josephine
 25192 | D:15     | Reached XP level 16. HP: 68/92 MP: 25/40
 25313 | D:15     | Found a staircase to the Depths.
 25330 | D:15     | Learned a level 7 spell: Orb of Destruction
 25675 | Orc:1    | Entered Level 1 of the Orcish Mines
 25752 | Orc:1    | Found a transporter.
 25758 | Orc:1    | Found a transporter.
 25959 | Orc:2    | Entered Level 2 of the Orcish Mines
 26270 | Orc:2    | Found a staircase to the Elven Halls.
 26949 | Orc:2    | Found an ancient bone altar of Kikubaaqudgha.
 26981 | Orc:2    | Found Voimuefrar's Jewellery Shoppe.
 27020 | Orc:2    | Found a radiant altar of Vehumet.
 27087 | Orc:2    | Found Ruiruwn's Antique Armour Shoppe.
 27087 | Orc:2    | Found Fahuav's Book Emporium.
 27096 | Orc:2    | Found Ukepreoh's Distillery.
 27154 | Orc:2    | Bought a potion of haste for 140 gold pieces
 27154 | Orc:2    | Bought a potion of haste for 140 gold pieces
 27154 | Orc:2    | Bought a potion of lignification for 42 gold pieces
 27193 | Orc:2    | Bought a potion of curing for 42 gold pieces
 27217 | Orc:2    | Bought the ring of the Garden {Wiz rElec SInv} for 723 gold
                  | pieces
 27267 | WizLab   | Identified the of Racwela
 27267 | Vaults:5 | Identified the "Kioth"
 27267 | Crypt:3  | Identified the "Odinuz"
 27267 | Desolati | Identified the "Neghiusmu"
 27267 | Elf:1    | Entered Level 1 of the Elven Halls
 27321 | Elf:1    | Found a radiant altar of Vehumet.
 27334 | Elf:1    | Reached ****** piety under Vehumet
 27447 | Elf:1    | Offered knowledge of Ozocubu's Refrigeration by Vehumet.
 27620 | Elf:1    | Found a crumbling gateway.
 27667 | Desolati | Entered the Desolation of Salt
 27717 | Desolati | Identified the +6 dagger "Hellblazer" {venom, Fragile Str+6
                  | Int+5}
 27947 | Desolati | Identified the amulet "Lerhur" {Acrobat rCorr}
 28103 | Desolati | Reached XP level 17. HP: 96/96 MP: 37/41
 28314 | Desolati | Offered knowledge of Arcjolt by Vehumet.
 28336 | Desolati | Identified the +1 plate armour "Tebokuf" {rElec rC+ Int-2}
 28595 | Desolati | Identified the +5 short sword of Narrow Indomitability
                  | {freeze, rF+ rC- rCorr}
 28622 | Desolati | Identified the +0 leather armour of Moral Flaws {rPois
                  | rCorr Dex-3 SInv}
 28701 | Desolati | Identified the +0 ring mail of the King of the Hill {rC+}
 28961 | Desolati | Identified the +0 scale mail "Jurixito" {rF+ Int+3}
 29353 | Elf:1    | Identified the amulet of Aqirghafoj {Spirit rF+ rC+ Will-}
 29389 | Elf:1    | Found a runed translucent gate.
 29389 | Elf:1    | Found a runed translucent gate.
 29389 | Elf:1    | Found a runed translucent gate.
 29389 | Elf:1    | Found a runed translucent gate.
 29389 | Elf:1    | Found a runed translucent gate.
 29395 | Elf:1    | Found a runed translucent gate.
 29912 | Elf:2    | Found Maiviwn's Assorted Antiques.
 29923 | Elf:2    | Bought a scroll of teleportation for 78 gold pieces
 29923 | Elf:2    | Bought a scroll of enchant armour for 195 gold pieces
 29969 | Elf:2    | Found a runed translucent gate.
 29969 | Elf:2    | Found a runed translucent gate.
 29983 | Elf:2    | Found a runed translucent gate.
 30133 | Elf:2    | Offered knowledge of Eringya's Noxious Bog by Vehumet.
 30375 | Elf:2    | Paralysed by an air elemental for 1 turns
 30692 | Elf:2    | Reached XP level 18. HP: 101/101 MP: 11/42
 31135 | Elf:3    | Identified the of Xint
 31135 | Elf:3    | Identified the of Abrongaw
 31135 | Elf:3    | Entered Level 3 of the Elven Halls
 31221 | Elf:3    | Found a runed translucent gate.
 31221 | Elf:3    | Found a runed translucent gate.
 31221 | Elf:3    | Found a runed translucent gate.
 31223 | Elf:3    | Noticed PurpleRed's ghost (adept DEDe)
 31717 | Elf:3    | Found Metootej's Weapon Shop.
 31995 | Elf:3    | Identified the +1 robe "Jizaeps" {rPois rC+++ rCorr Dex-5}
 31995 | Elf:3    | Identified the ring "Oreaf" {rF+++ rCorr Str+6 Int-5
                  | Stlth+}
 32031 | Elf:3    | Offered knowledge of Chain Lightning by Vehumet.
 32031 | Elf:3    | Offered knowledge of Polar Vortex by Vehumet.
 32031 | Elf:3    | Offered knowledge of Ignition by Vehumet.
 32065 | Elf:3    | Learned a level 8 spell: Ignition
 32164 | Elf:3    | Identified the +0 scale mail of the Hidden Orbs {Dex+3
                  | Stlth+}
 32164 | Elf:3    | Identified the ring of Beogh's Pride {rN++ EV+5 Int+4
                  | Dex-3}
 32400 | Elf:3    | Identified the ring "Weuth" {rCorr Str+4 Dex+3}
 32422 | Elf:3    | Identified the +6 short sword "Ogreslayer" {pain, rPois
                  | Int+8}
 32590 | Elf:3    | Found the +1 cloak of Starlight {*Dazzle EV+4 Stlth--}
 32611 | Elf:3    | Identified the +1 helmet "Guhoytue" {rF- Dex+2 Slay+3}
 32747 | Elf:3    | Found a viscous altar of Jiyva.
 32786 | Elf:3    | Killed PurpleRed's ghost
 33169 | Snake:1  | Entered Level 1 of the Snake Pit
 33456 | Orc:1    | Identified the +1 barding of the Writhing Gods {Will+}
 33694 | Snake:1  | Reached XP level 19. HP: 107/107 MP: 36/43
 33772 | Snake:1  | Identified the +3 scimitar "Tyumonk" {heavy, Str+5}
 34331 | Snake:1  | Acquired 685 gold pieces
 34333 | Snake:1  | Acquired the +2 helmet of the Hidden Allies {rElec Will+
                  | Int+5 Dex-4}
 34816 | Snake:2  | Reached skill level 10 in Dodging
 36455 | Snake:4  | Entered Level 4 of the Snake Pit
 36864 | Snake:4  | Got a serpentine rune of Zot
 37021 | Snake:4  | Found Inestazir's Distillery.
 37025 | Snake:4  | Found Muthica's Magic Scroll Shoppe.
 37026 | Snake:4  | Found Joodd's Antique Weapon Emporium.
 37029 | Snake:4  | Bought a potion of brilliance for 60 gold pieces
 37029 | Snake:4  | Bought a potion of invisibility for 120 gold pieces
 37029 | Snake:4  | Bought a potion of brilliance for 60 gold pieces
 37029 | Snake:4  | Bought a potion of heal wounds for 75 gold pieces
 37029 | Snake:4  | Bought a potion of heal wounds for 75 gold pieces
 37031 | Snake:4  | Bought a scroll of blinking for 105 gold pieces
 37031 | Snake:4  | Bought a scroll of revelation for 105 gold pieces
 37031 | Snake:4  | Bought a scroll of enchant armour for 105 gold pieces
 37031 | Snake:4  | Bought a scroll of teleportation for 42 gold pieces
 37172 | Snake:4  | Reached skill level 5 in Armour
 37617 | Swamp:1  | Entered Level 1 of the Swamp
 37760 | Swamp:1  | Noticed Roxanne
 37801 | Swamp:1  | Reached XP level 20. HP: 116/116 MP: 31/46
 37946 | Swamp:1  | Killed Roxanne
 38626 | Swamp:2  | Reached skill level 10 in Fighting
 38787 | Swamp:2  | Noticed Nikola
 38794 | Swamp:2  | Killed Nikola
 39444 | Swamp:3  | Noticed Louise
 39447 | Swamp:3  | Killed Louise
 39821 | Swamp:4  | Entered Level 4 of the Swamp
 39892 | Swamp:4  | Learned a level 9 spell: Chain Lightning
 40227 | Swamp:4  | Reached skill level 5 in Air Magic
 40249 | Swamp:4  | Noticed the 27-headed Lernaean hydra
 40254 | Swamp:4  | Killed the 27-headed Lernaean hydra
 40354 | Swamp:4  | Got a decaying rune of Zot
 40921 | Vaults:1 | Entered Level 1 of the Vaults
 40984 | Vaults:1 | Found Ladef's Book Boutique.
 40992 | Vaults:1 | Learned a level 2 spell: Sublimation of Blood
 41037 | Vaults:1 | Found a magical portal.
 41042 | WizLab   | Entered The Chambers of the Cloud Mage
 41052 | WizLab   | Paralysed by an air elemental for 1 turns
 41081 | WizLab   | Reached skill level 1 in Necromancy
 41240 | WizLab   | Paralysed by an air elemental for 1 turns
 41453 | WizLab   | Identified the amulet "Veciutej" {rPois rF+ rN+ Regen+
                  | Str+3}
 41459 | WizLab   | Identified the ring of Yzuorin {Fly rF+}
 42709 | Vaults:2 | Noticed Asterion
 42714 | Vaults:2 | Killed Asterion
 42766 | Vaults:2 | Found a flickering gateway to a bazaar.
 42780 | Bazaar   | Entered a bazaar
 42780 | Bazaar   | Found Exem's Distillery.
 42780 | Bazaar   | Found Kaikoyte's Assorted Antiques.
 42780 | Bazaar   | Found Ocvoasot's Jewellery Shop.
 42783 | Bazaar   | Bought a potion of brilliance for 52 gold pieces
 42783 | Bazaar   | Bought a potion of brilliance for 52 gold pieces
 42783 | Bazaar   | Bought a potion of heal wounds for 65 gold pieces
 42783 | Bazaar   | Bought 2 potions of heal wounds for 130 gold pieces
 42797 | Bazaar   | Bought an encrusted helmet for 285 gold pieces
 42797 | Bazaar   | Identified the +0 helmet of Cynicism {rN+++ Str+2 Int+2
                  | Stlth-} (You bought it in a shop in a bazaar)
 42797 | Bazaar   | Bought an ichor-stained ring mail for 270 gold pieces
 42797 | Bazaar   | Identified the +0 ring mail of the Eight Boll Weevils
                  | {+Blink Str+3 Stlth+} (You bought it in a shop in a bazaar)
 42797 | Bazaar   | Bought a scroll of acquirement for 1560 gold pieces
 42872 | Vaults:2 | Reached XP level 21. HP: 122/122 MP: 37/48
 42993 | Vaults:2 | Reached skill level 5 in Necromancy
 43110 | Vaults:2 | Noticed Boris
 43124 | Vaults:2 | Killed Boris
 43355 | Vaults:2 | Reached skill level 10 in Air Magic
 44011 | Vaults:2 | Noticed Zenata
 44015 | Vaults:2 | Killed Zenata
 45151 | Vaults:3 | Noticed Boris
 45164 | Vaults:3 | Killed Boris
 45469 | Vaults:3 | Found a staircase to the Crypt.
 46223 | Vaults:4 | Reached skill level 15 in Air Magic
 46226 | Vaults:4 | Reached XP level 22. HP: 114/127 MP: 38/49
 46714 | Vaults:4 | Identified the ring "Tal Qali" {rCorr EV+5 Str+3 Dex+3
                  | Stlth+}
 46890 | Vaults:4 | Acquired a +1 pair of boots of flying
 46892 | Vaults:4 | Acquired 1011 gold pieces
 47256 | Vaults:4 | Identified the ring "Deca" {rCorr Int+4 Dex+3}
 47482 | Vaults:5 | Entered Level 5 of the Vaults
 47716 | Vaults:5 | Identified the +8 halberd "Juosukebuh" {flame, *Rage rElec
                  | Will++}
 47761 | Vaults:5 | Noticed an ancient lich
 47866 | Vaults:5 | Killed an ancient lich
 48136 | Vaults:5 | Noticed Xtahua
 48147 | Vaults:5 | Killed Xtahua
 48682 | Vaults:5 | Reached XP level 23. HP: 89/132 MP: 24/50
 49268 | Vaults:5 | Got a silver rune of Zot
 49721 | Vaults:5 | Identified the amulet of the Golden God {Reflect Will-
                  | Str+5 SH+5}
 49942 | Vaults:5 | Identified the ring "Zioss" {Will- rCorr Dex+4 SInv}
 49948 | Vaults:5 | Identified the +3 halberd of Impatience {flame, rF++ rN+
                  | Will+ Dex-3}
 50113 | Vaults:5 | Found Ydelih's Armour Boutique.
 50121 | Vaults:5 | Identified the +2 pair of boots of Lohiun {Str+3 Int+3}
 50129 | Vaults:5 | Identified the +7 chain mail "Kivagon" {rElec SInv Stlth+}
 50138 | Vaults:5 | Identified the +5 trident of Weny {freeze, Fragile +Blink
                  | rCorr Int+2}
 50203 | Vaults:5 | Identified the +4 chain mail of Sloth {rPois Int+6 Slay-5}
 50600 | Slime:1  | Entered Level 1 of the Pits of Slime
 50815 | Slime:5  | Entered Level 5 of the Pits of Slime
 50976 | Slime:5  | Noticed the Royal Jelly
 50982 | Slime:5  | Killed the Royal Jelly
 51155 | Slime:5  | Found the +8 lance "Wyrmbane" {slay drac, rPois rF+ rC+
                  | AC+3}
 51194 | Slime:5  | Identified the +6 shortbow "Jyamug" {drain, rPois Dex-2
                  | Stlth+}
 51204 | Slime:5  | Identified the +5 leather armour of Mysticism {-Cast Str+3
                  | Stlth+}
 51215 | Slime:5  | Got a slimy rune of Zot
 51216 | Slime:5  | Identified the ring of Kindness {Fly rC+ Stlth+}
 51223 | Slime:5  | Identified the ring "Goepp" {rElec rCorr Str+3}
 51277 | Slime:5  | Identified the +12 plate armour of the Echidna {Fly}
 51333 | Slime:5  | Identified the ring of the Duke {rF+ rN++ Will+ Dex-4}
 51347 | Slime:5  | Identified the ring of the Queen {Drain rC+ Will+ Int+2
                  | Dex+4}
 52217 | Crypt:1  | Entered Level 1 of the Crypt
 53435 | Crypt:2  | Identified the "Rujen" (You acquired it on level 2 of the
                  | Crypt)
 53435 | Crypt:2  | Acquired Xaraa's Omnibus of the Calorific Hornet
 53447 | Crypt:2  | Learned a level 9 spell: Fire Storm
 53924 | Crypt:3  | Entered Level 3 of the Crypt
 53945 | Crypt:3  | Reached skill level 1 in Shapeshifting
 53950 | Crypt:3  | Noticed Mennas
 53959 | Crypt:3  | Killed Mennas
 54019 | Crypt:3  | Reached XP level 24. HP: 116/137 MP: 17/51
 54220 | Crypt:3  | Found the +7 sceptre of Torment {pain, torment}
 54721 | Crypt:3  | Found a staircase to the Tomb.
 54867 | Crypt:3  | Found an ancient bone altar of Kikubaaqudgha.
 54952 | Crypt:3  | Identified the +4 chain mail of the Watchman {rElec rPois
                  | rC- MP+9}
 55289 | Crypt:3  | Noticed a dread lich
 55289 | Crypt:3  | Noticed a dread lich
 55293 | Crypt:3  | Killed a dread lich
 55297 | Crypt:3  | Reached skill level 5 in Shapeshifting
 55337 | Crypt:3  | Killed a dread lich
 55369 | Crypt:3  | Identified the +1 pair of gloves of the Dice {Str+2 Dex+2
                  | Stlth+}
 55393 | Crypt:3  | Noticed an ancient lich
 55423 | Crypt:3  | Killed an ancient lich
 55619 | Crypt:3  | Identified the +5 great sword of Cietwuna {protect, Int+3}
 56043 | Depths:1 | Entered Level 1 of the Depths
 56324 | Depths:1 | Found Acrek's Magic Scroll Shoppe.
 56330 | Depths:1 | Bought a scroll of teleportation for 51 gold pieces
 56330 | Depths:1 | Bought a scroll of revelation for 127 gold pieces
 56330 | Depths:1 | Bought a scroll of fog for 68 gold pieces
 56384 | Depths:1 | Found Umpo Bixt's Weapon Shoppe.
 56412 | Depths:1 | Found Jeet's Book Shoppe.
 56507 | Depths:1 | Found Ixzuomp's Jewellery Shop.
 56635 | Depths:1 | Found a gateway to Hell.
 56635 | Depths:1 | Found a one-way gateway to a ziggurat.
 56680 | Depths:1 | Found Puexzek's Antique Weapon Shoppe.
 56975 | Depths:1 | Found a one-way gate leading to the halls of Pandemonium.
 57243 | Depths:2 | Reached XP level 25. HP: 134/148 MP: 53/53
 57292 | Depths:2 | Identified the "Houge" (You acquired it on level 2 of the
                  | Depths)
 57292 | Depths:2 | Acquired the scarf of Negligence {repulsion, Rampage rC++}
 57492 | Depths:2 | Found Yseps's Jewellery Shop.
 57682 | Depths:2 | Found a runed translucent door.
 58097 | Depths:3 | Reached skill level 10 in Shapeshifting
 58098 | Depths:3 | Noticed a juggernaut
 58101 | Depths:3 | Killed a juggernaut
 58985 | Depths:3 | Found a white marble altar of Elyvilon.
 59401 | Depths:4 | Entered Level 4 of the Depths
 59437 | Depths:4 | Noticed Parghit
 59440 | Depths:4 | Killed Parghit
 59749 | Depths:4 | Identified the +0 chain mail of Hyre {rElec}
 59766 | Depths:4 | Reached skill level 15 in Fighting
 60032 | Depths:4 | Reached XP level 26. HP: 160/160 MP: 37/53
 60110 | Depths:4 | Found a gate to the Realm of Zot.
 60139 | Depths:4 | Identified the +7 war axe of Mimnai {holy, Drain Fragile
                  | rF++ Will+++}
 60410 | Depths:4 | Learned a level 2 spell: Blink
 60687 | Tar:7    | Identified the of Hoefoja
 60687 | Tar:7    | Identified the "Feecw"
 60687 | Tar:7    | Identified the "Agoakhed"
 60687 | Coc:7    | Identified the "Hosinneo"
 60687 | Dis:7    | Identified the "Liatelun"
 60687 | Geh:7    | Identified the "Wuoll"
 60687 | Zig:1    | Entered Level 1 of a ziggurat
 60687 | Zig:1    | Noticed Ughic the pandemonium lord
 60689 | Zig:1    | Killed Ughic the pandemonium lord
 60690 | Zig:1    | Reached skill level 15 in Shapeshifting
 60725 | Zig:2    | Entered Level 2 of a ziggurat
 60747 | Zig:3    | Entered Level 3 of a ziggurat
 60748 | Zig:3    | Noticed Ceypnuasch the pandemonium lord
 60748 | Zig:3    | Gained mutation: Your flesh is cold resistant. (rC+) [a
                  | cacodemon]
 60752 | Zig:3    | Killed Ceypnuasch the pandemonium lord
 60773 | Zig:4    | Entered Level 4 of a ziggurat
 60797 | Zig:5    | Entered Level 5 of a ziggurat
 60820 | Zig:5    | Identified the ring of Dim Light {rElec rCorr Int+3}
 60828 | Zig:6    | Entered Level 6 of a ziggurat
 60831 | Zig:6    | Noticed a royal mummy
 60834 | Zig:6    | Killed a royal mummy
 60836 | Zig:6    | Noticed a royal mummy
 60838 | Zig:6    | Killed a royal mummy
 60865 | Zig:6    | Identified the +0 arbalest of Exquisite Torment {speed,
                  | rCorr}
 60868 | Zig:6    | Identified the +4 rapier of the Bespelling Gods {freeze,
                  | Str+3 Int+2 Stlth+}
 60871 | Zig:7    | Entered Level 7 of a ziggurat
 60877 | Zig:7    | Noticed a royal mummy
 60879 | Zig:7    | Killed a royal mummy
 60883 | Zig:7    | Noticed a royal mummy
 60885 | Zig:7    | Killed a royal mummy
 60948 | Zig:7    | Identified the amulet of Reut {Faith -Tele rElec rPois
                  | Slay+5}
 60964 | Zig:8    | Entered Level 8 of a ziggurat
 60998 | Zig:8    | Identified the +6 great sword of Infection {drain, rF+ MP+9
                  | Int+4 SInv}
 61017 | Zig:9    | Entered Level 9 of a ziggurat
 61042 | Zig:9    | Identified the +10 shortbow of Puhepper {antimagic, Int+4
                  | Dex+3}
 61047 | Zig:9    | Identified the +10 mace "Cierer" {antimagic, rN+ Dex+3}
 61052 | Zig:9    | Identified the staff "Vipodidd" {Dex+2 Earth}
 61055 | Zig:9    | Reached XP level 27. HP: 165/165 MP: 53/53
 61059 | Zig:10   | Entered Level 10 of a ziggurat
 61085 | Zig:10   | Found the +0 mask of the Dragon {Will+ Slay+3 SInv}
 61092 | Zig:10   | Identified the +2 shortbow "Lifauza" {freeze, Dex+4}
 61098 | Zig:10   | Identified the ring of Xom's Entertainment {rC+ rN+ Int-5
                  | Slay+2}
 61121 | Zig:11   | Entered Level 11 of a ziggurat
 61193 | Zig:12   | Identified the "Orien"
 61193 | Zig:12   | Entered Level 12 of a ziggurat
 61209 | Zig:12   | Noticed Oxaimuff the pandemonium lord
 61214 | Zig:12   | Killed Oxaimuff the pandemonium lord
 61251 | Zig:12   | Found the +11 Singing Sword {sonic wave}
 61251 | Zig:12   | Found the amulet of the Air {Inacc Air Fly rElec RMsl}
 61305 | Zig:13   | Entered Level 13 of a ziggurat
 61351 | Zig:13   | Identified the +3 trident of Grace {spect, Dex+4}
 61359 | Zig:13   | Identified the +7 hand axe of Uweariwu {freeze, Drain Dex+2
                  | SInv Stlth+}
 61366 | Zig:13   | Identified the ring of Nyisis {rPois rCorr Dex+3}
 61369 | Zig:13   | Identified the +0 robe "Qoomaige" {rF- Str+3 Int+2 Stlth+}
 61378 | Zig:14   | Identified the "Hitz"
 61378 | Zig:14   | Entered Level 14 of a ziggurat
 61432 | Zig:14   | Identified the scarf of Qomubot {rC+ rF+, Slay+2}
 61441 | Zig:14   | Identified the ring of Xom's Flight of Fancy {rPois rCorr}
 61442 | Zig:14   | Identified the amulet "Meos" {Reflect -Cast rElec rF+ SH+5
                  | SInv}
 61453 | Zig:15   | Identified the "Enuiquq"
 61453 | Zig:15   | Entered Level 15 of a ziggurat
 61469 | Zig:15   | Noticed a royal mummy
 61469 | Zig:15   | Noticed a royal mummy
 61470 | Zig:15   | Noticed a royal mummy
 61471 | Zig:15   | Killed a royal mummy
 61472 | Zig:15   | Killed a royal mummy
 61474 | Zig:15   | Killed a royal mummy
 61517 | Zig:15   | Noticed a royal mummy
 61527 | Zig:15   | Killed a royal mummy
 61679 | Zig:15   | Identified the +6 halberd "Udiopoe" {vamp, *Noise Fragile
                  | rN+++ Int+5}
 61704 | Zig:15   | Identified the +6 battleaxe "Paocve" {chaos, rCorr Str-3
                  | Dex+6}
 61710 | Zig:15   | Identified the amulet "Beosch" {Acrobat rC+ Int+3 Dex-3}
 61722 | Zig:16   | Identified the "Bicw"
 61722 | Zig:16   | Entered Level 16 of a ziggurat
 61738 | Zig:16   | Paralysed by an air elemental for 1 turns
 61764 | Zig:16   | Identified the +4 battleaxe "Ucvicub" {drain, Drain rElec
                  | rPois rF++}
 61784 | Zig:16   | Identified the +1 pearl dragon scales of Tender Moments
                  | {+Blink Fly rN+ Regen+ Slay-6}
 61787 | Zig:16   | Identified the +0 buckler of Disappointment {Fly}
 61792 | Zig:16   | Identified the +3 war axe "Asoesae" {freeze, rPois Dex-3
                  | SInv}
 61795 | Zig:16   | Identified the +6 ring mail of Incorporation {-Tele Harm
                  | rElec rC+}
 61796 | Zig:16   | Identified the +12 triple sword of Truth {flame, rF+}
 61797 | Zig:16   | Identified the ring "Uruteps" {rPois Will+ Dex+3 Slay+3}
 61800 | Zig:16   | Identified the +0 troll leather armour "Nuen" {rElec rC+
                  | Regen+ Str-4}
 61871 | Zig:17   | Identified the "Ililus"
 61871 | Zig:17   | Entered Level 17 of a ziggurat
 61916 | Zig:17   | Found the +8 demon blade "Leech" {evervamp, Harm Drain rN+}
 61925 | Zig:17   | Identified the +3 scimitar of the Penguin {heavy, rPois rC+
                  | MP-9 Str+3}
 61926 | Zig:17   | Identified the +9 sling of Tartarus {elec, Will++}
 61975 | Zig:18   | Entered Level 18 of a ziggurat
 62009 | Zig:18   | Found the +3 salamander hide armour {Flames, rFlCloud rF++
                  | rC--}
 62064 | Zig:19   | Entered Level 19 of a ziggurat
 62130 | Zig:19   | Identified the amulet "Rytuthra" {Faith rN+ Dex+5 Stlth+}
 62139 | Zig:19   | Identified the +11 trident of Desperation {elec, rC+ Dex+6}
 62146 | Zig:19   | Identified the staff of Elyvilon's Displeasure {rElec rC-
                  | Str+6 Air}
 62148 | Zig:19   | Identified the +6 scale mail of Limited Liability {rF+
                  | rC+++ rN+ Dex-3}
 62155 | Zig:19   | Identified the ring "Boghun" {AC+4 Str+2 Int+2 Slay+3}
 62158 | Zig:19   | Identified the staff of Ustroliwu {rC+ Conj}
 62180 | Zig:20   | Entered Level 20 of a ziggurat
 62201 | Zig:20   | Reached skill level 10 in Armour
 62215 | Zig:20   | Reached skill level 27 in Spellcasting
 62244 | Zig:20   | Identified the +8 orcbow of Ecvoetae {heavy, rElec Int+4
                  | Dex-4 Stlth+}
 62246 | Zig:20   | Identified the +2 falchion of Royalism {heavy, *Rage *Slow
                  | Str+2 Dex+5}
 62247 | Zig:20   | Identified the +5 battleaxe of Gloom {pain, rCorr Dex+4}
 62268 | Zig:20   | Identified the +2 robe "Pisiokeg" {rPois rC+ Int+4 Dex+4}
 62275 | Zig:20   | Identified the ring of Amer {Fly Str+5}
 62283 | Zig:21   | Identified the "Yrakk"
 62283 | Zig:21   | Entered Level 21 of a ziggurat
 62300 | Zig:21   | Noticed a dread lich
 62304 | Zig:21   | Killed an ancient lich
 62304 | Zig:21   | Killed a dread lich
 62351 | Zig:21   | Found the +18 shield of the Gong {Loud rN+ Will+ rCorr
                  | EV-5}
 62358 | Zig:21   | Identified the ring "Sihaj" {Ice Int-4 Dex+5 Slay+5}
 62375 | Zig:21   | Identified the +6 flail of the Vestibule of Hell {flame,
                  | rF++ Int+4}
 62380 | Zig:21   | Identified the staff "Nuetiz" {rElec Int+2 Air}
 62403 | Zig:22   | Entered Level 22 of a ziggurat
 62436 | Zig:22   | Killed an ancient lich
 62441 | Zig:22   | Noticed an ancient lich
 62443 | Zig:22   | Killed an ancient lich
 62479 | Zig:22   | Identified the -2 pair of boots of the Untouchables {rElec
                  | rCorr Str+5}
 62485 | Zig:22   | Identified the +4 mace of Hubris {flame, rC+}
 62495 | Zig:22   | Identified the ring "Fynaul" {rF+ Str+5}
 62496 | Zig:22   | Identified the staff "Gom Fuba" {rElec rF+ rC+ Str+3 Dex+3
                  | Fire}
 62509 | Zig:22   | Identified the +0 mace "Pyheqap" {heavy, rCorr}
 62521 | Zig:22   | Identified the +1 scale mail of Incorporation {rF+ Str+3
                  | Dex-2}
 62534 | Zig:23   | Entered Level 23 of a ziggurat
 62669 | Zig:23   | Found the +8 frozen axe "Frostbite" {freeze, freezing
                  | cloud, *Noise Fly rC+}
 62683 | Zig:23   | Identified the ring "Toceron" {rPois rF++ Dex+6}
 62696 | Zig:23   | Identified the +5 rapier of Grace {flame, rC+ Int+3}
 62731 | Zig:23   | Learned a level 9 spell: Polar Vortex
 62740 | Zig:23   | Learned a level 8 spell: Lehudib's Crystal Spear
 62745 | Zig:24   | Identified the "Ipnawul"
 62745 | Zig:24   | Entered Level 24 of a ziggurat
 62766 | Zig:24   | Reached skill level 1 in Earth Magic
 62766 | Zig:24   | Paralysed by an air elemental for 1 turns
 62798 | Zig:24   | Reached skill level 5 in Earth Magic
 62811 | Zig:24   | Found the +9 sword of Zonguldrok {reap}
 62837 | Zig:24   | Identified the ring "Sokymekh" {rElec rPois rN+ Will+
                  | Int+4}
 62850 | Zig:24   | Identified the ring "Diece" {Wiz +Blink rPois rF+ Will-}
 62874 | Zig:25   | Identified the "Hanuts"
 62874 | Zig:25   | Entered Level 25 of a ziggurat
 62903 | Zig:25   | Noticed an ancient lich
 62904 | Zig:25   | Killed an ancient lich
 62919 | Zig:25   | Reached skill level 10 in Earth Magic
 62948 | Zig:25   | Reached skill level 15 in Dodging
 63029 | Zig:25   | Found the ring of the Hare {EV+10}
 63030 | Zig:25   | Found the +10 morningstar "Eos" {elec, Halo rElec}
 63056 | Zig:25   | Identified the ring "Wel Nin" {*Slow Fly Will+ Int+3 Dex+3}
 63060 | Zig:25   | Identified the +8 mace of the Chewing Hawk {freeze, rC+
                  | Str+3 SInv}
 63065 | Zig:25   | Identified the +1 ring mail of the Ferocious Worm {Rampage}
 63067 | Zig:25   | Identified the +6 orcbow of Trial by Ordeal {heavy, +Blink
                  | rElec}
 63098 | Zig:26   | Identified the "Qicw"
 63098 | Zig:26   | Entered Level 26 of a ziggurat
 63116 | Zig:26   | Noticed Siupsuvve's ghost (veteran MiBe)
 63120 | Zig:26   | Killed Siupsuvve's ghost
 63121 | Zig:26   | Noticed Wiesk's ghost (legendary DDFi)
 63126 | Zig:26   | Noticed Tibbeudu's ghost (legendary DjCj)
 63127 | Zig:26   | Noticed Fiusean's ghost (veteran MiBe)
 63128 | Zig:26   | Killed Wiesk's ghost
 63128 | Zig:26   | Noticed Atufasha's ghost (legendary DDBr)
 63146 | Zig:26   | Killed Fiusean's ghost
 63150 | Zig:26   | Noticed Boycipp's ghost (legendary DsFi)
 63150 | Zig:26   | Noticed Siupsuvve's ghost (veteran MiBe)
 63153 | Zig:26   | Killed Siupsuvve's ghost
 63156 | Zig:26   | Noticed Zacaty's ghost (legendary MiFi)
 63157 | Zig:26   | Killed Boycipp's ghost
 63158 | Zig:26   | Killed Atufasha's ghost
 63171 | Zig:26   | Noticed Atufasha's ghost (legendary DDBr)
 63172 | Zig:26   | Killed Zacaty's ghost
 63172 | Zig:26   | Noticed Obrefem's ghost (legendary HaHu)
 63173 | Zig:26   | Killed Tibbeudu's ghost
 63177 | Zig:26   | Killed Obrefem's ghost
 63178 | Zig:26   | Killed Waphaim's ghost
 63180 | Zig:26   | Killed Atufasha's ghost
 63181 | Zig:26   | Noticed Yxuenos's ghost (legendary DsFi)
 63181 | Zig:26   | Noticed Jinaptea's ghost (legendary DDFi)
 63182 | Zig:26   | Killed Jinaptea's ghost
 63183 | Zig:26   | Killed Yxuenos's ghost
 63185 | Zig:26   | Noticed Boycipp's ghost (legendary DsFi)
 63185 | Zig:26   | Noticed Tibbeudu's ghost (legendary DjCj)
 63185 | Zig:26   | Noticed Zacaty's ghost (legendary MiFi)
 63188 | Zig:26   | Noticed Zupseoh's ghost (legendary DDFi)
 63191 | Zig:26   | Killed Zupseoh's ghost
 63191 | Zig:26   | Killed Boycipp's ghost
 63191 | Zig:26   | Killed Zacaty's ghost
 63192 | Zig:26   | Killed Tibbeudu's ghost
 63263 | Zig:26   | Identified the +9 trident "Siacil" {spect, rCorr}
 63267 | Zig:26   | Identified the staff "Avouw" {rElec rPois Str+3 Int+7
                  | Poison}
 63294 | Zig:27   | Entered Level 27 of a ziggurat
 63371 | Zig:27   | Noticed a dread lich
 63373 | Zig:27   | Killed a dread lich
 63373 | Zig:27   | Killed an ancient lich
 63569 | Zig:27   | Identified the ring of Poriwareu {rN+ Int+3 Dex+4}
 63573 | Zig:27   | Identified the amulet "Malup" {Reflect Fly Dex+4 SH+5}
 63593 | Zig:27   | Identified the staff of Tomorrow {Contam rF+ Dex+4 Fire}
 63599 | Zig:27   | Identified the amulet of Ylidd {Reflect +Blink rC+ rN+
                  | Str-2 SH+5 Stlth+}
 63905 | Tomb:1   | Entered Level 1 of the Tomb of the Ancients
 64315 | Tomb:1   | Noticed a royal mummy
 64322 | Tomb:1   | Reached skill level 5 in Ice Magic
 64322 | Tomb:1   | Killed a royal mummy
 64644 | Tomb:2   | Noticed a royal mummy
 64644 | Tomb:2   | Noticed a royal mummy
 64644 | Tomb:2   | Noticed a royal mummy
 64644 | Tomb:2   | Noticed a royal mummy
 64648 | Tomb:2   | Killed a royal mummy
 64649 | Tomb:2   | Killed a royal mummy
 64651 | Tomb:2   | Killed a royal mummy
 64653 | Tomb:2   | Killed a royal mummy
 64655 | Tomb:2   | Noticed Boris
 64657 | Tomb:2   | Killed Boris
 65050 | Tomb:1   | Noticed a royal mummy
 65054 | Tomb:1   | Killed a royal mummy
 65054 | Tomb:1   | Noticed a royal mummy
 65056 | Tomb:1   | Killed a royal mummy
 65056 | Tomb:1   | Noticed a royal mummy
 65057 | Tomb:1   | Killed a royal mummy
 65060 | Tomb:1   | Noticed a royal mummy
 65062 | Tomb:1   | Noticed a royal mummy
 65063 | Tomb:1   | Killed a royal mummy
 65065 | Tomb:1   | Killed a royal mummy
 65066 | Tomb:1   | Killed a royal mummy
 65067 | Tomb:1   | Noticed a royal mummy
 65077 | Tomb:1   | Reached skill level 10 in Ice Magic
 65077 | Tomb:1   | Killed a royal mummy
 65097 | Tomb:1   | Noticed a royal mummy
 65099 | Tomb:1   | Noticed a royal mummy
 65102 | Tomb:1   | Killed a royal mummy
 65102 | Tomb:1   | Killed a royal mummy
 65102 | Tomb:1   | Noticed a royal mummy
 65105 | Tomb:1   | Killed a royal mummy
 65108 | Tomb:1   | Killed a royal mummy
 65128 | Tomb:1   | Noticed a royal mummy
 65131 | Tomb:1   | Killed a royal mummy
 65131 | Tomb:1   | Noticed a royal mummy
 65133 | Tomb:1   | Noticed a royal mummy
 65135 | Tomb:1   | Killed a royal mummy
 65139 | Tomb:1   | Killed a royal mummy
 65205 | Tomb:1   | Noticed a royal mummy
 65206 | Tomb:1   | Noticed a royal mummy
 65208 | Tomb:1   | Noticed a royal mummy
 65209 | Tomb:1   | Noticed a royal mummy
 65209 | Tomb:1   | Killed a royal mummy
 65210 | Tomb:1   | Killed a royal mummy
 65210 | Tomb:1   | Killed a royal mummy
 65211 | Tomb:1   | Killed a royal mummy
 65446 | Tomb:3   | Entered Level 3 of the Tomb of the Ancients
 65459 | Tomb:3   | Noticed a royal mummy
 65461 | Tomb:3   | Noticed a royal mummy
 65464 | Tomb:3   | Killed a royal mummy
 65465 | Tomb:3   | Killed a royal mummy
 65467 | Tomb:3   | Noticed a royal mummy
 65470 | Tomb:3   | Killed a royal mummy
 65470 | Tomb:3   | Noticed a royal mummy
 65478 | Tomb:3   | Killed a royal mummy
 65483 | Tomb:3   | Reached skill level 15 in Ice Magic
 65485 | Tomb:3   | Noticed a royal mummy
 65488 | Tomb:3   | Killed a royal mummy
 65502 | Tomb:3   | Noticed Khufu
 65502 | Tomb:3   | Noticed a royal mummy
 65504 | Tomb:3   | Killed a royal mummy
 65505 | Tomb:3   | Killed Khufu
 65505 | Tomb:3   | Noticed a royal mummy
 65508 | Tomb:3   | Killed a royal mummy
 65527 | Tomb:3   | Identified the +1 morningstar "Zoysked" {protect, rC+}
 65535 | Tomb:3   | Noticed a royal mummy
 65540 | Tomb:3   | Killed a royal mummy
 65882 | Tomb:3   | Identified the +2 spear "Zube" {pain, Str+3 Stlth+}
 65883 | Tomb:3   | Identified the staff of Zovop {rC+ rN+ Stlth+ Ice}
 65885 | Tomb:3   | Identified the ring "Vim Ucs" {Contam Fly Dex+8}
 65903 | Tomb:3   | Identified the staff "Sielen" {rF+ Dex+3 Stlth+ Fire}
 65905 | Tomb:3   | Identified the +8 scimitar of a bailey {speed, rN+}
 66036 | Tomb:3   | Got a golden rune of Zot
 66512 | Zig:1    | Entered Level 1 of a ziggurat
 66532 | Zig:2    | Entered Level 2 of a ziggurat
 66553 | Zig:2    | Identified the +2 plate armour of Tender Moments {rPois rC+
                  | Str-4 SInv}
 66556 | Zig:3    | Identified the "Mykir"
 66556 | Zig:3    | Entered Level 3 of a ziggurat
 66570 | Zig:3    | Identified the +7 war axe "Hisytuss" {heavy, Str+7}
 66580 | Zig:4    | Entered Level 4 of a ziggurat
 66600 | Zig:5    | Identified the of Irpheyna
 66600 | Zig:5    | Entered Level 5 of a ziggurat
 66633 | Zig:6    | Identified the "Qod Sojo"
 66633 | Zig:6    | Entered Level 6 of a ziggurat
 66636 | Zig:6    | Noticed a dread lich
 66639 | Zig:6    | Killed a dread lich
 66653 | Zig:6    | Identified the ring "Ceecob" {Wiz rElec rC+}
 66667 | Zig:7    | Entered Level 7 of a ziggurat
 66686 | Zig:7    | Identified the +1 hat "Etifrysi" {rF+ Will++}
 66696 | Zig:7    | Reached skill level 27 in Fighting
 66697 | Zig:7    | Identified the +8 triple sword of Greed {vamp, Int+3}
 66700 | Zig:7    | Identified the amulet of Bigonoss {Acrobat Harm Will+ rCorr
                  | Int-2}
 66712 | Zig:8    | Entered Level 8 of a ziggurat
 66734 | Zig:8    | Identified the +0 plate armour "Haimn" {Regen+}
 66765 | Zig:9    | Entered Level 9 of a ziggurat
 66779 | Zig:9    | Killed Qeotz the pandemonium lord
 66811 | Zig:9    | Identified the ring "Suastramo" {rPois Int+2}
 66818 | Zig:10   | Entered Level 10 of a ziggurat
 66983 | Zig:11   | Entered Level 11 of a ziggurat
 67034 | Zig:11   | Identified the ring "Voer" {rF+ Dex+6}
 67043 | Zig:11   | Identified the +4 robe "Pabrol" {Regen+}
 67067 | Zig:12   | Entered Level 12 of a ziggurat
 67182 | Zig:12   | Identified the +0 plate armour of Recklessness {Dex+7}
 67195 | Zig:13   | Entered Level 13 of a ziggurat
 67217 | Zig:13   | Noticed Sougho the pandemonium lord
 67222 | Zig:13   | Killed Sougho the pandemonium lord
 67255 | Zig:13   | Found the +8 mithril axe "Arga" {speed, Will+}
 67268 | Zig:13   | Identified the staff "Pubat" {rPois Will+ Poison}
 67286 | Zig:14   | Entered Level 14 of a ziggurat
 67313 | Zig:14   | Killed an ancient lich
 67314 | Zig:14   | Reached skill level 15 in Armour
 67349 | Zig:14   | Identified the +2 buckler "Rugojoun" {rPois rCorr Dex-4}
 67354 | Zig:14   | Identified the staff of Conscience {rElec rC++ Str+4 Dex+4
                  | Air}
 67363 | Zig:15   | Identified the "Sosyo"
 67363 | Zig:15   | Entered Level 15 of a ziggurat
 67375 | Zig:15   | Noticed a royal mummy
 67378 | Zig:15   | Killed a royal mummy
 67383 | Zig:15   | Noticed a royal mummy
 67383 | Zig:15   | Killed a royal mummy
 67384 | Zig:15   | Killed a royal mummy
 67384 | Zig:15   | Noticed a royal mummy
 67386 | Zig:15   | Killed a royal mummy
 67387 | Zig:15   | Killed a royal mummy
 67419 | Zig:15   | Identified the +6 chain mail of Refuge {-Tele rC++ Int+2}
 67440 | Zig:15   | Identified the +2 pair of boots of Weetzasm {rElec Will+}
 67445 | Zig:16   | Entered Level 16 of a ziggurat
 67520 | Zig:16   | Identified the +0 scale mail of the Baker {Contam Rampage
                  | rC+}
 67534 | Zig:17   | Entered Level 17 of a ziggurat
 67595 | Zig:18   | Entered Level 18 of a ziggurat
 67617 | Zig:18   | Noticed a juggernaut
 67633 | Zig:18   | Killed a juggernaut
 67654 | Zig:18   | Noticed a juggernaut
 67656 | Zig:18   | Killed a juggernaut
 67657 | Zig:18   | Reached skill level 1 in Unarmed Combat
 67665 | Zig:18   | Noticed a juggernaut
 67667 | Zig:18   | Killed a juggernaut
 67671 | Zig:18   | Killed a juggernaut
 67673 | Zig:18   | Killed a juggernaut
 67696 | Zig:18   | Reached skill level 5 in Unarmed Combat
 67760 | Zig:19   | Identified the of Juusomex
 67760 | Zig:19   | Identified the "Fuif"
 67760 | Zig:19   | Entered Level 19 of a ziggurat
 67816 | Zig:19   | Identified the +8 hand axe "Fono" {heavy, Int+3}
 67817 | Zig:19   | Identified the +3 chain mail of the Tick {*Corrode Regen+
                  | MP+9}
 67838 | Zig:19   | Identified the +2 pair of gloves "Nuptaat" {Will+ MP+9}
 67840 | Zig:19   | Identified the +9 mace of Coituohe {heavy, Str+2 Dex+3}
 67974 | Zig:20   | Identified the of Liseysk
 67974 | Zig:20   | Identified the "Tarph"
 67974 | Zig:20   | Entered Level 20 of a ziggurat
 68032 | Zig:20   | Demolished by an iron giant

Illustrated notes

Levels and vault maps discovered:
D:1:      lordsloth_arrival_two_stooges, layout_basic,
          chequers_serial_rivers_small_b, supply_closet_lemuel,
          bh_walls_and_bars
D:2:      layout_rooms, corner_web_ring
D:3:      layout_loops_corners, nicolae_dithmenos_shadow_blocks, serial_shops,
          nicolae_shop_waterfront, shop, nicolae_square_shop
D:4:      layout_rooms, nemelex_xobeh_ov_fountains_minmay
D:5:      layout_cave_pools, kb_lookout_dungeons_type
D:6:      layout_basic
D:7:      layout_gridville, lemuel_crystal_altar, minmay_temple_entry_glass
D:8:      layout_loops_ring, mainiacjoe_overflow_surrounded_room, uniq_amaemon,
          uniq_gastronok
D:9:      minmay_general_purpose_star, layout_stronghold,
          minmay_overflow_temple_hex, overflow_temple_1_default
D:10:     layout_basic, minmay_orc_entry_guard_dogs, minmay_orc_keep,
          uniq_fannar, uniq_psyche, uniq_erolcha
D:11:     layout_small_grid, minmay_lair_entry_grove, serial_ice, serial_ice_o,
          serial_ice_g, serial_ice_e, serial_ice_j
D:12:     layout_long_grid, gauntlet_entry_generic
D:13:     minmay_mutant_horseshoe, layout_basic, fedhas_bush_and_centaur_altar,
          uniq_frances, uniq_rupert
D:14:     layout_basic, david_vaults_1, ashenzari_altar_1, drop_trap, uniq_lodul
D:15:     gammafunk_enter_depths_forms, layout_small_grid,
          minmay_misc_feat_five, uniq_agnes, uniq_kirke, uniq_josephine
Temple:   hellmonk_temple_divided_pantheon
Lair:1:   layout_regular_city, lemuel_fruit_tree
Lair:2:   layout_gridlike, mainiacjoe_swamp_entry_lozenge_pond, st_stairs_3,
          grunt_megastairs_3, lemuel_fruit_fields, uniq_nergalle
Lair:3:   cheibrodos_lair_river_kwai, layout_hall_layers,
          nicolae_snake_entry_squirm, portal_ice_cave_demonic_guard
Lair:4:   layout_loops_ring, grunt_megastairs_4
Lair:5:   hellmonk_lair_end_abyssal_woods, layout_hall_layers,
          nicolae_slime_entry_field_trip, lemuel_fruit_fields
Swamp:1:  layout_basic_swamp, nicolae_swamp_orc_logging_accident,
          nicolae_swamp_nymph_family_reunion, uniq_roxanne
Swamp:2:  layout_basic_swamp, evilmike_swamp_ruin_house_3,
          nicolae_swamp_decorative_isthmus, uniq_nikola
Swamp:3:  cheibrodos_swamp_heart_of_darkness, layout_falls_marsh,
          evilmike_swamp_ruin_house_5, swamp_pool_1_2, nzn_swamp_blast_mining,
          uniq_louise
Swamp:4:  swamp_old_school, layout_basic_swamp
Snake:1:  layout_grid_maze
Snake:2:  layout_rooms, grunt_megastairs_1
Snake:3:  layout_cave_town, serial_bayou_shore_a
Snake:4:  snake_pit, layout_gridlike, minmay_shop_star
Slime:1:  layout_caves
Slime:2:  layout_caves
Slime:3:  cheibrodos_slime_lost_civilization_10, layout_caves,
          cheibrodos_slime_lost_civilization_5
Slime:4:  layout_caves
Slime:5:  slime_pit_nicolae_trefoil
Orc:1:    gammafunk_beogh_shrine, layout_caves
Orc:2:    kennysheep_orc_mage_school, layout_caves, abandoned_shop
Elf:1:    eino_elf_arrival_altar, layout_loops_corners,
          portal_desolation_entry_nicolae_nacl, orc_legates, drop_trap
Elf:2:    nicolae_elf_blades_splatter_lattice [nicolae_blade_entry_pointy_end],
          layout_geoelf_octagon, nicolae_stop_n_shop_2
Elf:3:    minmay_elf_hall_statues, layout_onion_city, serial_shops,
          nicolae_shop_peninsula, gammafunk_ghost_ooze, minivault_20,
          grunt_ministairs_1
Vaults:1: mu_enter_wizlab_2, nicolae_vaults_alarming, nicolae_vaults_rhombus_6,
          nicolae_vaults_surprise_closet, nicolae_vaults_specimen_jars,
          layout_vaults_quadrants, serial_shops, nicolae_shop_hallway_stairs
Vaults:2: v_misc_29, nicolae_vaults_network_periphery,
          vaults_room_guarded_vault, vaults_dpeg_spiral,
          ontoclasm_vaults_ring_square, v_rooms_6, vaults_mumra_chevron,
          grunt_vaults_diagonal, ontoclasm_vaults_gateway,
          layout_vaults_big_cross, serial_shops, bzr_entry_customers,
          uniq_zenata, uniq_boris, uniq_asterion
Vaults:3: nicolae_vaults_tetromino_T_2, hangedman_vaults_variations,
          v_pattern_4, ontoclasm_vaults_spin, nicolae_vaults_sightless_eye,
          vaults_room_door_ring, nicolae_vaults_closet_pinwheel_3, v_misc_26,
          vaults_mumra_lcd, minmay_crypt_entry_nasty_monster, v_misc_24,
          vaults_dpeg_cross, layout_vaults_ring
Vaults:4: nicolae_vaults_network_star, hangedman_vaults_stream,
          grunt_vaults_focal, vaults_standard_mumra_x, v_misc_5,
          nicolae_vaults_big_ls, v_alt_pattern_2, v_misc_13,
          layout_vaults_maze_bifur
Vaults:5: uniq_xtahua
Crypt:1:  layout_chaotic_city
Crypt:2:  layout_regular_city, minmay_strange_pillars
Crypt:3:  david_glass_crypt, layout_misc_corridors,
          nicolae_tomb_entry_unfolded_pyramid_diagonal, basic_altar,
          weyrava_lich_vault, uniq_mennas
Tomb:1
Tomb:2
Tomb:3
Depths:1: layout_big_octagon, enter_ziggurat_b, minmay_strange_pillars,
          serial_co_window_serial, co_window_paths_a, co_window_corner_a,
          co_window_corner_a, co_window_cross_1, co_window_corner_a,
          co_window_paths_b, co_window_of_opportunity_a, co_window_corner_b,
          co_window_cross_2, co_window_broadway_c, glass_columns_a,
          glass_columns_c, glass_columns_a, rand_demon_pan_entry_4,
          serial_shops, shop, nicolae_diamond_shop, nicolae_diamond_shop,
          nicolae_shop_crystal, nicolae_shop_hallway_stairs, hell_entry,
          abyss_entry_small_statue_room, ebering_dispersal_statue_hall,
          serial_bayou_shore_b
Depths:2: dreamdust_merry_men, layout_cave_pools, pan_entry, lightli_too_deep,
          serial_shops, nicolae_diamond_shop, grunt_decor_mini_mirrors,
          kennysheep_treasure_room
Depths:3: hangedman_cross_cluster, layout_basic, elyvilon_altar_3,
          minmay_room_of_horrors, hell_entry, uniq_saint_roka
Depths:4: hangedman_pleasuredromes, hell_entry, pan_entry, uniq_parghit
Zig:20

Skill      XL: |  1  2  3  4  5  6  7  8  9 10 11 12 13 14 15 16 17 18 19 20 21 22 23 24 25 26 27 |
---------------+----------------------------------------------------------------------------------+-----
Spellcasting   | 1 2 3 4 5 6 9 11 12 14 15 16 17 18 20 21 22 24 27 | 27.0
Fighting       | 3 4 5 7 9 10 12 15 27 | 27.0
Short Blades   | 3 4 |  4.0
Conjurations   | 1 2 3 5 7 10 11 13 15 17 18 19 21 22 | 22.0
Air Magic      | 1 2 3 8 15 19 21 | 21.0
Translocations | 2 4 |  4.0
Ice Magic      | 3 21 | 21.0
Fire Magic     | 2 5 8 9 11 16 20 23 25 | 25.1
Dodging        | 4 6 8 9 10 18 | 18.7
Armour         | 3 5 6 8 20 | 20.0
Necromancy     | 4 5 |  5.0
Shapeshifting  | 1 9 14 18 23 | 23.0
Earth Magic    | 10 | 10.0
Unarmed Combat | 7 |  7.8
Stealth        | |  6.0

Action                     |  1- 3 |  4- 6 |  7- 9 | 10-12 | 13-15 | 16-18 | 19-21 | 22-24 | 25-27 || total
---------------------------+-------+-------+-------+-------+-------+-------+-------+-------+-------++-------
  Melee: Short sword       |    32 |       |       |       |       |       |       |       |       ||    32
         Dagger            |   148 |   109 |   140 |   237 |    22 |    15 |       |       |       ||   671
         Punch             |     1 |     3 |     4 |     2 |       |       |       |       |       ||    10
         Staff             |       |       |       |       |    17 |     2 |       |     1 |    10 ||    30
  Throw: Dart              |       |       |       |       |     1 |       |       |       |       ||     1
   Cast: Poisonous Vapours |       |     9 |    20 |       |     7 |     1 |       |       |       ||    37
         Mephitic Cloud    |       |     5 |    26 |    61 |     1 |       |       |       |       ||    93
         Iskenderun's Myst |       |       |    52 |    72 |   231 |    80 |   107 |    65 |    26 ||   633
         Searing Ray       |       |       |       |     4 |     2 |       |       |       |       ||     6
         Freezing Cloud    |       |       |       |    32 |   125 |    10 |    41 |       |       ||   208
         Starburst         |       |       |       |       |    26 |     5 |     1 |     1 |       ||    33
         Fireball          |       |       |       |       |   102 |   433 |   450 |   314 |    54 ||  1353
         Orb of Destructio |       |       |       |       |       |    50 |    42 |    49 |     5 ||   146
         Ignition          |       |       |       |       |       |     7 |   100 |   131 |    33 ||   271
         Sublimation of Bl |       |       |       |       |       |       |    12 |    85 |    52 ||   149
         Chain Lightning   |       |       |       |       |       |       |       |     5 |   122 ||   127
         Fire Storm        |       |       |       |       |       |       |       |   132 |   683 ||   815
         Lehudib's Crystal |       |       |       |       |       |       |       |       |    16 ||    16
         Blink             |       |       |       |       |       |       |       |       |     2 ||     2
         Polar Vortex      |       |       |       |       |       |       |       |       |     1 ||     1
Ability: Begin Untransform |       |       |       |       |       |       |       |     1 |    11 ||    12
  Evoke: Wand              |       |       |     4 |       |     1 |       |       |       |       ||     5
         Lightning rod     |       |       |       |       |       |       |     3 |       |       ||     3
         Figurine of a zig |       |       |       |       |       |       |       |       |     1 ||     1
    Use: Scroll            |     4 |     5 |     3 |     6 |    13 |    12 |     9 |     8 |    18 ||    78
         Potion            |       |       |     1 |       |       |     4 |     1 |     6 |    43 ||    55
   Stab: Sleeping          |     9 |     4 |     2 |     4 |       |       |       |       |       ||    19
         Confused          |       |     4 |    15 |    47 |       |       |       |       |       ||    66
         Distracted        |       |       |       |     2 |       |       |       |       |       ||     2
 Armour: Leather armour    |    23 |    39 |    70 |   113 |    73 |       |       |       |       ||   318
         Ring mail         |    91 |    28 |       |       |       |       |       |       |       ||   119
         Steam dragon scal |       |       |       |       |    20 |     9 |       |       |       ||    29
         Troll leather arm |       |       |       |       |       |    64 |   117 |    99 |   239 ||   519
  Dodge: Dodged            |   114 |    59 |    95 |   144 |   142 |    56 |    75 |   108 |   219 ||  1012
         Repelled          |       |       |       |       |       |    12 |       |       |       ||    12
   Form: Death             |       |       |       |       |       |       |       |     1 |    11 ||    12

Table legend: (Time is in decaauts)
 A = Elapsed time spent in this place.
 B = Non-inter-level travel time spent in this place.
 C = Inter-level travel time spent in this place.
 D = Time resting spent in this place.
 E = Time spent auto-exploring this place.
 F = Levels seen in this place.
 G = Mean time per level.
                   A        B        C        D        E       F      G
               +--------+--------+--------+--------+--------+-----+--------+
         Total |  68360 |  63677 |   4683 |   7906 |  35475 | 106 |  644.9 |
       Dungeon |  17055 |  15699 |   1356 |   2344 |   9526 |  15 | 1137.0 |
        Temple |     29 |     29 |      0 |      0 |      0 |   1 |   29.0 |
          Lair |   7694 |   6766 |    928 |    598 |   4693 |   5 | 1538.8 |
         Swamp |   3456 |   3212 |    244 |    312 |   2066 |   4 |  864.0 |
     Snake Pit |   3876 |   3641 |    235 |    323 |   2405 |   4 |  969.0 |
    Slime Pits |   1303 |   1226 |     77 |    117 |    536 |   5 |  260.6 |
  Orcish Mines |   1875 |   1657 |    218 |     96 |    893 |   2 |  937.5 |
   Elven Halls |   4222 |   4053 |    169 |    535 |   1720 |   3 | 1407.3 |
        Vaults |   9214 |   8537 |    677 |    736 |   5987 |   5 | 1842.8 |
         Crypt |   3813 |   3504 |    309 |    200 |   2627 |   3 | 1271.0 |
          Tomb |   2472 |   2237 |    235 |      3 |   1460 |   3 |  824.0 |
        Depths |   4556 |   4325 |    231 |    331 |   2889 |   4 | 1139.0 |
      Ziggurat |   4413 |   4413 |      0 |    678 |     73 |  47 |   93.9 |
        Bazaar |     21 |     21 |      0 |      0 |      0 |   1 |   21.0 |
      Ice Cave |   1590 |   1590 |      0 |   1061 |     92 |   1 | 1590.0 |
        Wizlab |    532 |    532 |      0 |     45 |    134 |   1 |  532.0 |
    Desolation |   1454 |   1454 |      0 |    332 |    248 |   1 | 1454.0 |
      Gauntlet |    779 |    779 |      0 |    192 |    124 |   1 |  779.0 |
               +--------+--------+--------+--------+--------+-----+--------+

Top non-repeatable levels by time:
Vaults:5: 2301 daAuts
Vaults:4: 2143 daAuts
  Lair:5: 2034 daAuts
 Crypt:3: 2027 daAuts
    D:10: 1928 daAuts
Vaults:3: 1805 daAuts
     D:7: 1797 daAuts
   Elf:3: 1756 daAuts
Vaults:2: 1658 daAuts
   IceCv: 1590 daAuts
  Lair:2: 1465 daAuts
Depths:3: 1465 daAuts
Desolation: 1454 daAuts
  Lair:4: 1449 daAuts
    D:11: 1424 daAuts
